Workbook
Name CompDN600: #REF!
Name Database: #REF!
Name Database: #REF!
Name Database: #REF!
Name orcamento: 'III - Memória'!#REF!
Name orcamento: #REF!

Sheet VII - Orçamento
C1: PREFEITURA MUNICIPAL DE SÃO GONÇALO
C2: SECRETARIA MUNICIPAL DE COMPRAS E SUPRIMENTOS
E3: MÊS/ANO REF. : | G3: EMOP - 12/2021
C4: SERVIÇO DE COMPLEMENTAÇÃO DA INFRAESTRUTURA INCLUINDO PAVIMENTAÇÃO E DRENAGEM EM DIVERSAS RUAS NOS BAIRROS PACHECO E SACRAMENTO NO MUNICÍPIO DE SÃO GONÇALO | E4: BDI | F4: 0.2857
E5: VALOR DA OBRA | G5: 47612747
C6: ANEXO VII
C7: PLANILHA ORÇAMENTARIA | E7: PRAZO DA OBRA | G7: 12 MESES
A9: ITEM | B9: CÓDIGO | C9: DESCRIÇÃO | D9: UN | E9: QTD | F9: PREÇO
F10: UNITÁRIO | G10: TOTAL
A12: A | B12: SERVIÇOS DE ESCRITORIO LABORATORIO E CAMPO
A13: 1 | B13: 02.004.0004-A | C13: BARRACAO OBRA C/PAREDES CHAPAS MADEIRA COMPENSADA,PLASTIF.,LISA,COLAGEM FENOLICA,PROVA D`AGUA, COM 10MM ESP.PISO E ESTRUTURA MADEIRA 3ª,COBERTURA TELHAS ONDULADAS 6MM,FIBROCIMENTO,EXCL.PINT.E LIGACOES PROVISORIAS,INCL.INST.,APARELHOS, ESQUADRIAS E FERRAG.,PROJ.Nº2007/EMOP,ESCRITORIO,SANITARIOS,DEPOSITOS E TORRE C/CAIXA D`AGUA 500L,REAPROVEITADO 5 VEZES | D13: M2 | E13: 96 | F13: 358.37 | G13: 34403.52
A14: 2 | B14: 01.016.0085-A | C14: LEVANTAMENTO PLANIALTIMETRICO CADASTRAL DE AREA URBANA OU SUBURBANA,DESTINADA A REGULARIZACAO FUNDIARIA,PROJETOS VIARIOSE DE INFRAESTRUTURA,URBANIZACAO E ASSEMELHADOS,UTILIZANDO POLIGONAL III PAC,DESENHO NA ESCALA DE 1:250 A 1:100,EM AREASDENSAMENTE OCUPADAS(ACIMA DE 50% DE QUADRAS),EM AREAS ACIMADE 10000M2 | D14: M2 | E14: 140551.42 | F14: 2.23 | G14: 313429.66
A15: 3 | B15: 02.002.0011-A | C15: TAPUME DE VEDACAO OU PROTECAO,EXECUTADO COM TELHAS TRAPEZOIDAIS DE ACO GALVANIZADO,ESPESSURA DE 0,5MM,ESTAS COM 2 VEZESDE UTILIZACAO,INCLUSIVE ENGRADAMENTO DE MADEIRA,UTILIZADO 2VEZES E PINTURA ESMALTE SINTETICO NAS FACES INTERNA E EXTERNA | D15: M2 | E15: 220 | F15: 58.89 | G15: 12955.8
A16: 4 | B16: 02.020.0001-A | C16: PLACA DE IDENTIFICACAO DE OBRA PUBLICA,INCLUSIVE PINTURA E SUPORTES DE MADEIRA.FORNECIMENTO E COLOCACAO | D16: M2 | E16: 18 | F16: 465.82 | G16: 8384.76
A17: 5 | B17: 01.050.0162-A | C17: PROJETO EXECUTIVO PARA URBANIZACAO/REURBANIZACAO DE AREAS,VISANDO A ORGANIZACAO ESPACIAL E DAS ATIVIDADES,CONTEMPLANDO:SISTEMA VIARIO,PASSEIOS,PRACAS,ARBORIZACAO,ILUMINACAO COM CRITERIOS LUMINOTECNICOS,DISTRIBUICAO E INTEGRACAO DO MOBILIARIO URBANO E EQUIPAMENTOS URBANOS,APRESENTADO EM AUTOCAD NOS PADROES DA CONTRATANTE | D17: HA | E17: 14.036 | F17: 98707.8 | G17: 1385462.7
A18: 6 | B18: 02.006.0050-A | C18: ALUGUEL DE BANHEIRO QUIMICO,PORTATIL,MEDINDO 2,31M ALTURA X1,56M LARGURA E 1,16M PROFUNDIDADE,INCLUSIVE INSTALACAO E RETIRADA DO EQUIPAMENTO,FORNECIMENTO DE QUIMICA DESODORIZANTE,BACTERICIDA E BACTERIOSTATICA,PAPEL HIGIENICO E VEICULO PROPRIO COM UNIDADE MOVEL DE SUCCAO PARA LIMPEZA | D18: UNXMES | E18: 96 | F18: 950 | G18: 91200
A19: 7 | B19: 02.010.0001-A | C19: GALPAO ABERTO PARA OFICINAS E DEPOSITOS DE CANTEIRO DE OBRAS,ESTRUTURADO EM MADEIRA DE LEI,COBERTURA DE TELHAS DE CIMENTO SEM AMIANTO ONDULADAS,DE 6MM DE ESPESSURA,PISO CIMENTADO EPREPARO DO TERRENO | D19: M2 | E19: 48 | F19: 270.68 | G19: 12992.64
A20: 8 | B20: 02.006.0010-A | C20: ALUGUEL DE CONTAINER PARA ESCRITORIO,MEDINDO 2,20M LARGURA,6,20M COMPRIMENTO E 2,50M ALTURA,COMPOSTO DE CHAPAS DE ACO C/NERVURAS TRAPEZOIDAIS,ISOLAMENTO TERMO-ACUSTICO NO FORRO,CHASSIS REFORCADO E PISO EM COMPENSADO NAVAL, INCLUINDO INSTALACOES ELETRICAS,EXCLUSIVE TRANSPORTE(VIDE ITEM 04.005.0300) ECARGA E DESCARGA(VIDE ITEM 04.013.0015) | D20: UNXMES | E20: 24 | F20: 515.62 | G20: 12374.88
A21: 9 | B21: 02.006.0025-A | C21: ALUGUEL CONTAINER,PARA SANITARIO-VESTIARIO,MEDINDO 2,20M LARGURA,6,20M COMPRIMENTO E 2,50M ALTURA,CHAPAS ACO C/NERVURASTRAPEZOIDAIS,ISOLAMENTO TERMO-ACUSTICO FORRO,CHASSIS REFORCADO E PISO COMPENSADO NAVAL,INCL.INST.ELETRICAS E HIDRO-SANITARIAS,ACESSORIOS,4 VASOS SANITARIOS,1 LAVATORIO,1 MICTORIO E4 CHUVEIROS,EXCL.TRANSP.,CARGA E DESCARGA | D21: UNXMES | E21: 48 | F21: 825 | G21: 39600
A22: 10 | B22: 02.006.0030-A | C22: ALUGUEL CONTAINER,PARA SANITARIO-VESTIARIO,MEDINDO 2,20M LARGURA,6,20M COMPRIMENTO E 2,50M ALTURA,CHAPAS ACO C/NERVURASTRAPEZOIDAIS,ISOLAMENTO TERMO-ACUSTICO FORRO,CHASSIS REFORCADO E PISO COMPENSADO NAVAL,INCL.INST.ELETRICAS E HIDRO-SANITARIAS,ACESSORIOS,7 VASOS SANITARIOS,1 LAVATORIO E 1 MICTORIO,EXCL.TRANSP.,CARGA E DESCARGA | D22: UNXMES | E22: 24 | F22: 825 | G22: 19800
A23: 11 | B23: 01.001.0040-A | C23: SONDAGEM MANUAL,COM TRADO CAVADEIRA,POR METRO LINEAR OU FRACAO | D23: M | E23: 874.5 | F23: 167.09 | G23: 146120.2
A24: 12 | B24: 01.001.0014-A | C24: INDICE SUPORTE CALIFORNIA,POR 1 PONTO,COMPACTACAO COM ENERGIA PROCTOR NORMAL | D24: UN | E24: 583 | F24: 765.92 | G24: 446531.36
... A31: 19 | B31: 01.001.0302-A | C31: DETERMINACAO DA DEFORMACAO DE PAVIMENTOS COM O AUXILIO DA VIGA BENKELMANN,POR PONTO | D31: UN | E31: 1105 | F31: 110.81 | G31: 122445.05
E32: TOTAL DO ITEM | G32: 3053849.6 | H32: 3053849.6 | I32: TRUE
A33: B | B33: MESO E MICRO DRENAGEM PLUVIAL
A34: 20 | B34: 02.020.0009-A | C34: SEMAFORO PARA SINALIZACAO DE BLOQUEIO DE OBRA NA VIA PUBLICA,DE ACORDO COM A RESOLUCAO DA PREFEITURA-RJ,COMPREENDENDO FORNECIMENTO E COLOCACAO DE TODOS OS MATERIAIS NECESSARIOS,INCLUSIVE MATERIAIS ELETRICOS,CONSIDERANDO 40 VEZES O REAPROVEITAMENTO DA MADEIRA | D34: UN | E34: 273 | F34: 101.95 | G34: 27832.35
A35: 21 | B35: 02.030.0005-A | C35: PLACA DE SINALIZACAO PREVENTIVA PARA OBRA NA VIA PUBLICA,DEACORDO COM A RESOLUCAO DA PREFEITURA-RJ, COMPREENDENDO FORNECIMENTO E PINTURA DA PLACA E DOS SUPORTES DE MADEIRA.FORNECIMENTO E COLOCACAO | D35: UN | E35: 301 | F35: 84.93 | G35: 25563.93
A36: 22 | B36: 02.011.0014-A | C36: CERCA PROTETORA DE BORDA DE VALA OU OBRA,COM TELA PLASTICA NA COR LARANJA OU AMARELA,CONSIDERANDO 1 VEZ DE UTILIZACAO,INCLUSIVE APOIOS,FORNECIMENTO,COLOCACAO E RETIRADA | D36: M2 | E36: 15068 | F36: 2.21 | G36: 33300.28
A37: 23 | B37: 02.020.0005-A | C37: BARRAGEM DE BLOQUEIO DE OBRA NA VIA PUBLICA,DE ACORDO COM ARESOLUCAO DA PREFEITURA-RJ,COMPREENDENDO FORNECIMENTO,COLOCACAO E PINTURA DOS SUPORTES DE MADEIRA COM REAPROVEITAMENTO DO CONJUNTO 40 (QUARENTA) VEZES | D37: M | E37: 2972.76 | F37: 3.07 | G37: 9126.37
A38: 24 | B38: 03.001.0001-B | C38: ESCAVACAO MANUAL DE VALA/CAVA EM MATERIAL DE 1ª CATEGORIA (A(AREIA,ARGILA OU PICARRA),ATE 1,50M DE PROFUNDIDADE,EXCLUSIVE ESCORAMENTO E ESGOTAMENTO | D38: M3 | E38: 1153.44 | F38: 50.21 | G38: 57914.22
A39: 25 | B39: 03.016.0005-B | C39: ESCAVACAO MECANICA DE VALA NAO ESCORADA EM MATERIAL DE 1ªCATEGORIA COM PEDRAS,INSTALACOES PREDIAIS OU OUTROS REDUTORES DE PRODUTIVIDADE OU CAVAS DE FUNDACAO,ATE 1,50M DE PROFUNDIDADE,UTILIZANDO RETRO-ESCAVADEIRA,EXCLUSIVE ESGOTAMENTO | D39: M3 | E39: 5562.93 | F39: 22.04 | G39: 122606.97
A40: 26 | B40: 03.020.0060-B | C40: ESCAVACAO MECANICA DE VALA ESCORADA,EM MATERIAL DE 1ªCATEGORIA COM PEDRAS,INSTALACOES PREDIAIS OU OUTROS REDUTORES DE PRODUTIVIDADE,OU CAVAS DE FUNDACAO,ATE 1,50M DE PROFUNDIDADE,UTILIZANDO ESCAVADEIRA HIDRAULICA DE 0,78M3,EXCLUSIVE ESGOTAMENTO E ESCORAMENTO | D40: M3 | E40: 3725.95 | F40: 18.36 | G40: 68408.44
A41: 27 | B41: 03.020.0065-B | C41: ESCAVACAO MECANICA DE VALA ESCORADA,EM MATERIAL DE 1ªCATEGORIA COM PEDRAS,INSTALACOES PREDIAIS OU OUTROS REDUTORES DE PRODUTIVIDADE,OU CAVAS DE FUNDACAO,ENTRE 1,50 E 3,00M DE PROFUNDIDADE,UTILIZANDO ESCAVADEIRA HIDRAULICA DE 0,78M3,EXCLUSIVE ESGOTAMENTO E ESCORAMENTO | D41: M3 | E41: 1309.77 | F41: 21.11 | G41: 27649.24
A42: 28 | B42: 03.020.0070-B | C42: ESCAVACAO MECANICA DE VALA ESCORADA,EM MATERIAL DE 1ªCATEGORIA COM PEDRAS,INSTALACOES PREDIAIS OU OUTROS REDUTORES DE PRODUTIVIDADE,OU CAVAS DE FUNDACAO,ENTRE 3,00 E 4,50M DE PROFUNDIDADE,UTILIZANDO ESCAVADEIRA HIDRAULICA DE 0,78M3,EXCLUSIVE ESGOTAMENTO E ESCORAMENTO | D42: M3 | E42: 107.75 | F42: 29.06 | G42: 3131.21
A43: 29 | B43: 03.020.0075-B | C43: ESCAVACAO MECANICA DE VALA ESCORADA,EM MATERIAL DE 1ªCATEGORIA COM PEDRAS,INSTALACOES PREDIAIS OU OUTROS REDUTORES DE PRODUTIVIDADE,OU CAVAS DE FUNDACAO,ENTRE 4,50 E 6,00M DE PROFUNDIDADE,UTILIZANDO ESCAVADEIRA HIDRAULICA DE 0,78M3,EXCLUSIVE ESGOTAMENTO E ESCORAMENTO | D43: M3 | E43: 1.83 | F43: 44.83 | G43: 82.03
A44: 30 | B44: 03.008.0020-B | C44: ESCAVACAO EM MATERIAL DE 2ªCATEGORIA(MOLEDO OU ROCHA DECOMPOSTA),COM EQUIPAMENTO A AR COMPRIMIDO,SEM UTILIZACAO DE EXPLOSIVOS,EM TALUDES,VALA/CAVA,ATE 1,50M DE PROFUNDIDADE,INCLUSIVE EMPILHAMENTO DO MATERIAL PARA REMOCAO | D44: M3 | E44: 5049.95 | F44: 485.86 | G44: 2453568.7
A45: 31 | B45: 03.008.0021-A | C45: ESCAVACAO EM MATERIAL DE 2ªCATEGORIA(MOLEDO OU ROCHA DECOMPOSTA),COM EQUIPAMENTO A AR COMPRIMIDO,SEM UTILIZACAO DE EXPLOSIVOS,EM TALUDES,VALA/CAVA,ENTRE 1,50 E 3,00M DE PROFUNDIDADE,INCLUSIVE EMPILHAMENTO DO MATERIAL PARA REMOCAO | D45: M3 | E45: 903.29 | F45: 500.62 | G45: 452205.03
... A80: 66 | B80: 15.069.0010-A | C80: INTERVENCAO NO RAMAL CONFORME ESPECIFICACOES CEDAE,INCLUSIVEESCAVACAO E REATERRO COM O FORNECIMENTO DE TODO O MATERIALNECESSARIO,EXCLUSIVE REMOCAO E REPOSICAO DE PAVIMENTOS E RETIRADA DO CAVALETE,COM DIAMETRO DE 3/4" | D80: UN | E80: 314 | F80: 239.07 | G80: 75067.98
E81: TOTAL DO ITEM | G81: 11545205 | H81: 11545205 | I81: TRUE
A82: C | B82: PAVIMENTAÇÃO
A83: 67 | B83: 01.005.0004-A | C83: PREPARO MANUAL DE TERRENO,COMPREENDENDO ACERTO,RASPAGEM EVENTUAL ATE 0.30M DE PROFUNDIDADE E AFASTAMENTO LATERAL DO MATERIAL EXCEDENTE,INCLUSIVE COMPACTACAO MANUAL | D83: M2 | E83: 35137.76 | F83: 14.77 | G83: 518984.71
A84: 68 | B84: 02.020.0009-A | C84: SEMAFORO PARA SINALIZACAO DE BLOQUEIO DE OBRA NA VIA PUBLICA,DE ACORDO COM A RESOLUCAO DA PREFEITURA-RJ,COMPREENDENDO FORNECIMENTO E COLOCACAO DE TODOS OS MATERIAIS NECESSARIOS,INCLUSIVE MATERIAIS ELETRICOS,CONSIDERANDO 40 VEZES O REAPROVEITAMENTO DA MADEIRA | D84: UN | E84: 273 | F84: 101.95 | G84: 27832.35
A85: 69 | B85: 02.030.0005-A | C85: PLACA DE SINALIZACAO PREVENTIVA PARA OBRA NA VIA PUBLICA,DEACORDO COM A RESOLUCAO DA PREFEITURA-RJ, COMPREENDENDO FORNECIMENTO E PINTURA DA PLACA E DOS SUPORTES DE MADEIRA.FORNECIMENTO E COLOCACAO | D85: UN | E85: 468.5 | F85: 84.93 | G85: 39789.7
A86: 70 | B86: 02.011.0014-A | C86: CERCA PROTETORA DE BORDA DE VALA OU OBRA,COM TELA PLASTICA NA COR LARANJA OU AMARELA,CONSIDERANDO 1 VEZ DE UTILIZACAO,INCLUSIVE APOIOS,FORNECIMENTO,COLOCACAO E RETIRADA | D86: M2 | E86: 23425.26 | F86: 2.21 | G86: 51769.82
A87: 71 | B87: 02.020.0005-A | C87: BARRAGEM DE BLOQUEIO DE OBRA NA VIA PUBLICA,DE ACORDO COM ARESOLUCAO DA PREFEITURA-RJ,COMPREENDENDO FORNECIMENTO,COLOCACAO E PINTURA DOS SUPORTES DE MADEIRA COM REAPROVEITAMENTO DO CONJUNTO 40 (QUARENTA) VEZES | D87: M | E87: 819.88 | F87: 3.07 | G87: 2517.03
A88: 72 | B88: 03.009.0004-A | C88: ATERRO COM MATERIAL DE 1ªCATEGORIA,COMPACTADO MANUALMENTE EMCAMADAS DE 20CM,ATE UMA ALTURA MAXIMA DE 80CM,PARA SUPORTEDE CAMADA DE CONCRETO,INCLUSIVE DOIS TIROS DE PA,ESPALHAMENTO E REGA,EXCLUSIVE FORNECIMENTO DA TERRA | D88: M3 | E88: 7027.4332 | F88: 66.46 | G88: 467043.21
A89: 73 | B89: 03.025.0005-A | C89: ESCAVACAO MECANICA,COM TRATOR DE LAMINA COM POTENCIA EM TORNO DE 200CV,EM MATERIAL DE 1ªCATEGORIA,COM TRANSPORTE ENTRE 50,00 E 100,00M | D89: M3 | E89: 38189.61 | F89: 7.09 | G89: 270764.33
A90: 74 | B90: 04.011.0051-B | C90: CARGA E DESCARGA MECANICA,COM PA-CARREGADEIRA,COM 1,30M3 DECAPACIDADE,UTILIZANDO CAMINHAO BASCULANTE A OLEO DIESEL,COMCAPACIDADE UTIL DE 8T,CONSIDERADOS PARA O CAMINHAO OS TEMPOSDE ESPERA,MANOBRA,CARGA E DESCARGA E PARA A CARREGADEIRA OSTEMPOS DE ESPERA E OPERACAO PARA CARGAS DE 50T POR DIA DE 8H | D90: T | E90: 71600.36 | F90: 10.47 | G90: 749655.76
A91: 75 | B91: 04.005.0124-A | C91: TRANSPORTE DE CARGA DE QUALQUER NATUREZA,EXCLUSIVE AS DESPESAS DE CARGA E DESCARGA,TANTO DE ESPERA DO CAMINHAO COMO DO SERVENTE OU EQUIPAMENTO AUXILIAR,A VELOCIDADE MEDIA DE 25KM/H,EM CAMINHAO BASCULANTE A OLEO DIESEL,COM CAPACIDADE UTIL DE8T | D91: T X KM | E91: 1731617.7 | F91: 1.74 | G91: 3013014.8
A92: 76 | B92: 04.018.0020-B | C92: RECEBIMENTO DE CARGA,DESCARGA E MANOBRA DE CAMINHAO BASCULANTE DE 8,00M3 OU 12T | D92: T | E92: 71600.36 | F92: 0.79 | G92: 56564.28
A93: 77 | B93: TC 09.05.0700 | C93: DISPOSICAO FINAL DE MATERIAIS E RESIDUOS DE OBRAS EM LOCAIS DE OPERACAO E DISPOSICAO FINAL APROPRIADOS, AUTORIZADOS E/OU LICENCIADOS PELOS ORGAOS DE LICENCIAMENTO E DE CONTROLE AMBIENTAL, MEDIDA POR TONELADA TRANSPORTADA, SENDO COMPROVADA CONFORME LEGISLACAO PERTINENTE. (DESONERADO) | D93: T | E93: 71600.36 | F93: 15 | G93: 1074005.4
A94: 78 | B94: 05.002.0100-A | C94: LEVANTAMENTO OU REBAIXAMENTO DE TAMPAO DE RUA,CONSIDERANDO DEMOLICAO DE CAMADA DE ASFALTO E CONCRETO,MOVIMENTACAO E CONCRETAGEM,EXCLUSIVE CERCA PROTETORA | D94: UN | E94: 70 | F94: 240.45 | G94: 16831.5
... A110: 94 | B110: 05.002.0005-B | C110: DEMOLICAO COM EQUIPAMENTO DE AR COMPRIMIDO,DE PAVIMENTACAO DE CONCRETO ASFALTICO,COM 5CM DE ESPESSURA,INCLUSIVE EMPILHAMENTO LATERAL DENTRO DO CANTEIRO DE SERVICO | D110: M2 | E110: 14840 | F110: 20.9 | G110: 310156
E111: TOTAL DO ITEM | G111: 20007592 | H111: 20007592 | I111: TRUE
A112: D | B112: SINALIZAÇÃO
A113: 95 | B113: 05.015.0060-A | C113: PLACA DE SINALIZACAO DE RODOVIAS,EM CHAPA DE ACO Nº16,TRATADA QUIMICAMENTE,INCLUSIVE PINTURA COM METAL PRIMER NAS DUAS FACES E ESMALTE SINTETICO PRETO NO VERSO.APLICACAO DE PELICULAS REFLETIVAS NO GRAU TECNICO,GRAU DIAMANTE E PELICULA PARALEGENDA FIXADA ATRAVES DE CASTANHAS DUPLAS EM POSTE DE CONCRETO ARMADO.FORNECIMENTO E COLOCACAO | D113: M2 | E113: 80.63 | F113: 602.23 | G113: 48557.8
A114: 96 | B114: 05.020.0007-A | C114: SINALIZACAO HORIZONTAL,MECANICA,COM TINTA TERMOPLASTICA A BASE DE RESINAS NATURAIS E/OU SINTETICAS,EM VIAS URBANAS,APLICADA POR EXTRUSAO,CONFORME NORMAS DO DER-RJ | D114: M2 | E114: 4099.42 | F114: 90.63 | G114: 371530.43
A115: 97 | B115: 05.020.0014-A | C115: SINALIZACAO MANUAL DE FAIXAS E FIGURAS PARA PEDESTRES,COM TINTA TERMOPLASTICA A BASE DE RESINAS NATURAIS E/OU SINTETICAS,EM VIAS URBANAS,APLICADO POR EXTRUSAO,CONFORME NORMAS DO DER-RJ | D115: M2 | E115: 4685.05 | F115: 94.78 | G115: 444049.03
A116: 98 | B116: 13.333.0015-A | C116: REVESTIMENTO DE PISO COM CERAMICA TATIL ALERTA,(LADRILHO HIDRAULICO) PARA PESSOAS COM NECESSIDADES ESPECIFICAS,ASSENTESSOBRE SUPERFICIE EM OSSO,CONFORME ITEM 13.330.0010 | D116: M2 | E116: 2342.52 | F116: 130.3 | G116: 305230.35
E117: TOTAL DO ITEM | G117: 1169367.6 | H117: 1169367.6 | I117: TRUE
A118: E | B118: ADMINISTRAÇÃO LOCAL
A119: 99 | B119: COMPOSIÇÃO | C119: ANEXO IV - ADMINISTRAÇÃO LOCAL DO CANTEIRO DE OBRAS: MÃO DE OBRA DA ADMINISTRAÇÃO LOCAL INCLUSIVE ACOMPANHAMENTO | D119: % | E119: 100 | F119: 12565.344 | G119: 1256534.4
E120: TOTAL DO ITEM | G120: 1256534.4 | H120: 1256534.4 | I120: TRUE | J120: 0.035122258
C121: SUBTOTAL DO ORÇAMENTO | G121: 37032548 | H121: 37032548 | I121: TRUE
C123: BDI | D123: 0.2857 | G123: 10580199
C125: TOTAL DO ORÇAMENTO | G125: 47612747 | H125: 4065.07
F126: Extensão | G126: 11712.631
F128: Rev 0 | G128: 30656692
F129: Diferença | G129: 16956055
F130: Proporção | G130: 0.55309475

Sheet III - Memória
C2: PREFEITURA MUNICIPAL DE SÃO GONÇALO
C3: SECRETARIA MUNICIPAL DE DESENVOLVIMENTO URBANO
A5: Titulo : | B5: SERVIÇO DE COMPLEMENTAÇÃO DA INFRAESTRUTURA INCLUINDO PAVIMENTAÇÃO E DRENAGEM EM DIVERSAS RUAS NOS BAIRROS PACHECO E SACRAMENTO NO MUNICÍPIO DE SÃO GONÇALO
A6: ANEXO III | K6: Prazo: | L6: 12
D7: MEMÓRIA DE CÁLCULO
A8: ITEM | B8: QUANT. | C8: DESCRIÇÃO
A10: A | B10: SERVIÇOS DE ESCRITÓRIO LABORATÓRIO E CAMPO
A12: 1 | B12: 02.004.0004-A | C12: BARRACAO OBRA C/PAREDES CHAPAS MADEIRA COMPENSADA,PLASTIF.,LISA,COLAGEM FENOLICA,PROVA D`AGUA, COM 10MM ESP.PISO E ESTRUTURA MADEIRA 3ª,COBERTURA TELHAS ONDULADAS 6MM,FIBROCIMENTO,EXCL.PINT.E LIGACOES PROVISORIAS,INCL.INST.,APARELHOS, ESQUADRIAS E FERRAG.,PROJ.Nº2007/EMOP,ESCRITORIO,SANITARIOS,DEPOSITOS E TORRE C/CAIXA D`AGUA 500L,REAPROVEITADO 5 VEZES | M12: 96
F14: Comprimento | H14: Largura
B15: 96 | C15: M2 | D15: TOTAL DOS SERVIÇOS | F15: 16 | G15: x | H15: 6
A17: 2 | B17: 01.016.0085-A | C17: LEVANTAMENTO PLANIALTIMETRICO CADASTRAL DE AREA URBANA OU SUBURBANA,DESTINADA A REGULARIZACAO FUNDIARIA,PROJETOS VIARIOSE DE INFRAESTRUTURA,URBANIZACAO E ASSEMELHADOS,UTILIZANDO POLIGONAL III PAC,DESENHO NA ESCALA DE 1:250 A 1:100,EM AREASDENSAMENTE OCUPADAS(ACIMA DE 50% DE QUADRAS),EM AREAS ACIMADE 10000M2 | M17: 140551.42
D19: PACHECO | F19: Extensão | H19: Largura
B20: 5086.78 | C20: = | D20: RUA EXPEDICIONÁRIO OTÁVIO CARLOS DA SILVA | F20: 423.899 | G20: x | H20: 12
B21: 4438.06 | C21: = | D21: RUA ARLINDO LUCIO DA SILVA | F21: 369.839 | G21: x | H21: 12
B22: 5732.37 | C22: = | D22: RUA MAMEDES GONÇALVES | F22: 477.698 | G22: x | H22: 12
B23: 2480.78 | C23: = | D23: RUA FRANCISCO GONCALVES | F23: 206.732 | G23: x | H23: 12
B24: 2484.76 | C24: = | D24: RUA LUIS CEARÁ | F24: 207.064 | G24: x | H24: 12
B25: 1256.65 | C25: = | D25: RUA HUGO SÁ PEIXOTO | F25: 104.721 | G25: x | H25: 12
B26: 3189.2 | C26: = | D26: RUA BENEDITA DE ALMEIDA E RUA LEÔNIDAS DE OLIVEIRA | F26: 265.767 | G26: x | H26: 12
B27: 3176.73 | C27: = | D27: RUA JUDITE CISNEIRO | F27: 264.728 | G27: x | H27: 12
B28: 2327.82 | C28: = | D28: RUA BENEDITA CARNEIRO | F28: 193.985 | G28: x | H28: 12
B29: 9636.44 | C29: = | D29: RUA ALBINO CUPERTINIO DE ABREU | F29: 803.037 | G29: x | H29: 12
B30: 540 | C30: = | D30: RUA EXP. ANTONIO COELHO DA SILVEIRA (400 a 402+5) | F30: 45 | G30: x | H30: 12
B31: 8693.4 | D31: RUA EXP. ANTONIO COELHO DA SILVEIRA (402+5 a 438+9,45) | F31: 724.45 | G31: x | H31: 12
B32: 3360 | C32: = | D32: RUA EXPEDICIONARIO VICENTE JOSÉ DE ALMEIDA | F32: 280 | G32: x | H32: 12
B33: 1821.96 | C33: = | D33: RUA NAZÁRIO MACHADO | F33: 151.83 | G33: x | H33: 12
B34: 835.7 | C34: = | D34: RUA ANTÔNIO JACINTO DA SILVA | F34: 69.642 | G34: x | H34: 12
B35: 2392.1 | C35: = | D35: RUA EXPEDICIONARIO FRANCISCO DIAS | F35: 199.342 | G35: x | H35: 12
B36: 3782.38 | C36: = | D36: RUA CAETANO MUNIZ | F36: 315.199 | G36: x | H36: 12
B37: 1399.08 | C37: = | D37: RUA EXPEDICIONARIO VASCO TEIXEIRA DA SILVA | F37: 116.59 | G37: x | H37: 12
B38: 1316.06 | C38: = | D38: RUA 12 DE OUTUBRO | F38: 109.672 | G38: x | H38: 12
B39: 2028.1 | C39: = | D39: RUA PROFESSORA MARIA MACHADO PANZA | F39: 169.009 | G39: x | H39: 12
B40: 5264.02 | C40: = | D40: RUA EXPEDICIONARIO JOAQUIM ONÍLIO BORGES | F40: 438.669 | G40: x | H40: 12
B41: 2013.92 | C41: = | D41: RUA ANTENOR GUIRLANDA | F41: 167.827 | G41: x | H41: 12
B42: 1767.38 | C42: = | D42: RUA EXPEDICIONÁRIO JOSÉ ANTÔNIO SANTOS - EIXO1 | F42: 147.282 | G42: x | H42: 12
B43: 1472.42 | C43: = | D43: RUA EXPEDICIONÁRIO JOSÉ ANTÔNIO SANTOS - EIXO2 | F43: 122.702 | G43: x | H43: 12
... B45: 18360 | C45: = | D45: RUA DOMÍCIO PORTO FILHO | F45: 1530 | G45: x | H45: 12
D47: SACRAMENTO
B48: 2818.09 | C48: = | D48: RUA CRISTÓVÃO FERREIRA PORTO | F48: 234.841 | G48: x | H48: 12
B49: 4363.8 | C49: = | D49: RUA ANTONIO AZEVEDO PIMENTA | F49: 363.65 | G49: x | H49: 12
B50: 2168.96 | C50: = | D50: RUA CECILIA DA SILVA AZEVEDO | F50: 180.747 | G50: x | H50: 12
B51: 3272.2 | C51: = | D51: RUA LOURIVAL FRANCO DE FIGUEIREDO | F51: 272.684 | G51: x | H51: 12
B52: 869.4 | C52: = | D52: RUA ALBERTO DA COSTA BARROS | F52: 72.45 | G52: x | H52: 12
B53: 2786.28 | C53: = | D53: RUA EUCLIDES JOSE DE ALMEIDA | F53: 232.19 | G53: x | H53: 12
B54: 2023.42 | C54: = | D54: RUA ALFREDO FRANÇA | F54: 168.619 | G54: x | H54: 12
B55: 2467.83 | C55: = | D55: RUA SEBASTIÃO JOSÉ DE ALMEIDA | F55: 205.653 | G55: x | H55: 12
B56: 3450.43 | C56: = | D56: RUA JOSÉ COSTA BATISTA | F56: 287.536 | G56: x | H56: 12
B57: 4436.88 | C57: = | D57: RUA VALÉRIO DE MATOS | F57: 369.74 | G57: x | H57: 12
B58: 2452.89 | C58: = | D58: RUA DUCLEIA DA SILVA | F58: 204.408 | G58: x | H58: 12
B59: 2877.93 | C59: = | D59: RUA EVILÁSIO GOMES DA SILVA | F59: 239.828 | G59: x | H59: 12
... B61: 1831.48 | C61: = | D61: RUA ANASTÁCIO RIBEIRO | F61: 152.624 | G61: x | H61: 12
B62: 140551.42 | C62: M2 | D62: TOTAL DOS SERVIÇOS | F62: 11712.631
A64: 3 | B64: 02.002.0011-A | C64: TAPUME DE VEDACAO OU PROTECAO,EXECUTADO COM TELHAS TRAPEZOIDAIS DE ACO GALVANIZADO,ESPESSURA DE 0,5MM,ESTAS COM 2 VEZESDE UTILIZACAO,INCLUSIVE ENGRADAMENTO DE MADEIRA,UTILIZADO 2VEZES E PINTURA ESMALTE SINTETICO NAS FACES INTERNA E EXTERNA | M64: 220
F66: Comprimento | H66: Altura
B67: 220 | C67: = | D67: PERIMETRO DO CANTEIRO | F67: 100 | G67: x | H67: 2.2
B68: 220 | C68: M2 | D68: TOTAL DOS SERVIÇOS
A70: 4 | B70: 02.020.0001-A | C70: PLACA DE IDENTIFICACAO DE OBRA PUBLICA,INCLUSIVE PINTURA E SUPORTES DE MADEIRA.FORNECIMENTO E COLOCACAO | M70: 18
E71: Altura | G71: Largura | I71: Quantidade
B72: 18 | C72: = | D72: Placa | E72: 2 | F72: x | G72: 3 | H72: x | I72: 3
B73: 18 | C73: M2 | D73: TOTAL DOS SERVIÇOS
A75: 5 | B75: 01.050.0162-A | C75: PROJETO EXECUTIVO PARA URBANIZACAO/REURBANIZACAO DE AREAS,VISANDO A ORGANIZACAO ESPACIAL E DAS ATIVIDADES,CONTEMPLANDO:SISTEMA VIARIO,PASSEIOS,PRACAS,ARBORIZACAO,ILUMINACAO COM CRITERIOS LUMINOTECNICOS,DISTRIBUICAO E INTEGRACAO DO MOBILIARIO URBANO E EQUIPAMENTOS URBANOS,APRESENTADO EM AUTOCAD NOS PADROES DA CONTRATANTE | M75: 14.036
D77: PACHECO | E77: Extensão (m) | G77: Larg. (m) | I77: Área (m²) | K77: Área (ha)
B78: 0.508 | C78: = | D78: RUA EXPEDICIONÁRIO OTÁVIO CARLOS DA SILVA | E78: 423.899 | F78: x | G78: 12 | I78: 5086.78 | K78: 0.508
B79: 0.443 | C79: = | D79: RUA ARLINDO LUCIO DA SILVA | E79: 369.839 | F79: x | G79: 12 | I79: 4438.06 | K79: 0.443
B80: 0.573 | C80: = | D80: RUA MAMEDES GONÇALVES | E80: 477.698 | F80: x | G80: 12 | I80: 5732.37 | K80: 0.573
B81: 0.248 | C81: = | D81: RUA FRANCISCO GONCALVES | E81: 206.732 | F81: x | G81: 12 | I81: 2480.78 | K81: 0.248
B82: 0.248 | C82: = | D82: RUA LUIS CEARÁ | E82: 207.064 | F82: x | G82: 12 | I82: 2484.76 | K82: 0.248
B83: 0.125 | C83: = | D83: RUA HUGO SÁ PEIXOTO | E83: 104.721 | F83: x | G83: 12 | I83: 1256.65 | K83: 0.125
B84: 0.318 | C84: = | D84: RUA BENEDITA DE ALMEIDA E RUA LEÔNIDAS DE OLIVEIRA | E84: 265.767 | F84: x | G84: 12 | I84: 3189.2 | K84: 0.318
B85: 0.317 | C85: = | D85: RUA JUDITE CISNEIRO | E85: 264.728 | F85: x | G85: 12 | I85: 3176.73 | K85: 0.317
B86: 0.232 | C86: = | D86: RUA BENEDITA CARNEIRO | E86: 193.985 | F86: x | G86: 12 | I86: 2327.82 | K86: 0.232
B87: 0.963 | C87: = | D87: RUA ALBINO CUPERTINIO DE ABREU | E87: 803.037 | F87: x | G87: 12 | I87: 9636.44 | K87: 0.963
B88: 0.054 | C88: = | D88: RUA EXP. ANTONIO COELHO DA SILVEIRA (400 a 402+5) | E88: 45 | F88: x | G88: 12 | I88: 540 | K88: 0.054
B89: 0.869 | C89: = | D89: RUA EXP. ANTONIO COELHO DA SILVEIRA (402+5 a 438+9,45) | E89: 724.45 | F89: x | G89: 12 | I89: 8693.4 | K89: 0.869
... B103: 1.836 | C103: = | D103: RUA DOMÍCIO PORTO FILHO | E103: 1530 | F103: x | G103: 12 | I103: 18360 | K103: 1.836
D105: SACRAMENTO | I105: 0 | K105: 0
B106: 0.281 | C106: = | D106: RUA CRISTÓVÃO FERREIRA PORTO | E106: 234.841 | F106: x | G106: 12 | I106: 2818.09 | K106: 0.281
B107: 0.436 | C107: = | D107: RUA ANTONIO AZEVEDO PIMENTA | E107: 363.65 | F107: x | G107: 12 | I107: 4363.8 | K107: 0.436
B108: 0.216 | C108: = | D108: RUA CECILIA DA SILVA AZEVEDO | E108: 180.747 | F108: x | G108: 12 | I108: 2168.96 | K108: 0.216
B109: 0.327 | C109: = | D109: RUA LOURIVAL FRANCO DE FIGUEIREDO | E109: 272.684 | F109: x | G109: 12 | I109: 3272.2 | K109: 0.327
B110: 0.086 | C110: = | D110: RUA ALBERTO DA COSTA BARROS | E110: 72.45 | F110: x | G110: 12 | I110: 869.4 | K110: 0.086
B111: 0.278 | C111: = | D111: RUA EUCLIDES JOSE DE ALMEIDA | E111: 232.19 | F111: x | G111: 12 | I111: 2786.28 | K111: 0.278
B112: 0.202 | C112: = | D112: RUA ALFREDO FRANÇA | E112: 168.619 | F112: x | G112: 12 | I112: 2023.42 | K112: 0.202
B113: 0.246 | C113: = | D113: RUA SEBASTIÃO JOSÉ DE ALMEIDA | E113: 205.653 | F113: x | G113: 12 | I113: 2467.83 | K113: 0.246
B114: 0.345 | C114: = | D114: RUA JOSÉ COSTA BATISTA | E114: 287.536 | F114: x | G114: 12 | I114: 3450.43 | K114: 0.345
B115: 0.443 | C115: = | D115: RUA VALÉRIO DE MATTOS | E115: 369.74 | F115: x | G115: 12 | I115: 4436.88 | K115: 0.443
B116: 0.245 | C116: = | D116: RUA DUCLEIA DA SILVA | E116: 204.408 | F116: x | G116: 12 | I116: 2452.89 | K116: 0.245
B117: 0.287 | C117: = | D117: RUA EVILÁSIO GOMES DA SILVA | E117: 239.828 | F117: x | G117: 12 | I117: 2877.93 | K117: 0.287
... B119: 0.183 | C119: = | D119: RUA ANASTÁCIO RIBEIRO | E119: 152.624 | F119: x | G119: 12 | I119: 1831.48 | K119: 0.183
B120: 14.036 | C120: HA | D120: TOTAL DOS SERVIÇOS | E120: 11712.631
A122: 6 | B122: 02.006.0050-A | C122: ALUGUEL DE BANHEIRO QUIMICO,PORTATIL,MEDINDO 2,31M ALTURA X1,56M LARGURA E 1,16M PROFUNDIDADE,INCLUSIVE INSTALACAO E RETIRADA DO EQUIPAMENTO,FORNECIMENTO DE QUIMICA DESODORIZANTE,BACTERICIDA E BACTERIOSTATICA,PAPEL HIGIENICO E VEICULO PROPRIO COM UNIDADE MOVEL DE SUCCAO PARA LIMPEZA | M122: 96
F123: Quantidade | H123: Frentes trabalho | K123: Tempo de Obra / Meses
B124: 96 | C124: = | F124: 1 | G124: x | H124: 8 | I124: x | K124: 12
B125: 96 | C125: UNXMES | D125: TOTAL DOS SERVIÇOS
A127: 7 | B127: 02.010.0001-A | C127: GALPAO ABERTO PARA OFICINAS E DEPOSITOS DE CANTEIRO DE OBRAS,ESTRUTURADO EM MADEIRA DE LEI,COBERTURA DE TELHAS DE CIMENTO SEM AMIANTO ONDULADAS,DE 6MM DE ESPESSURA,PISO CIMENTADO EPREPARO DO TERRENO | M127: 48
E129: Extensão (m) | G129: Larg. (m) | I129: Área (m²)
B130: 48 | C130: = | E130: 8 | F130: x | G130: 6 | H130: = | I130: 48
B131: 48 | C131: M2 | D131: TOTAL DOS SERVIÇOS
A133: 8 | B133: 02.006.0010-A | C133: ALUGUEL DE CONTAINER PARA ESCRITORIO,MEDINDO 2,20M LARGURA,6,20M COMPRIMENTO E 2,50M ALTURA,COMPOSTO DE CHAPAS DE ACO C/NERVURAS TRAPEZOIDAIS,ISOLAMENTO TERMO-ACUSTICO NO FORRO,CHASSIS REFORCADO E PISO EM COMPENSADO NAVAL, INCLUINDO INSTALACOES ELETRICAS,EXCLUSIVE TRANSPORTE(VIDE ITEM 04.005.0300) ECARGA E DESCARGA(VIDE ITEM 04.013.0015) | M133: 24
E135: Quantidade | G135: Tempo de Obra
...

Sheet DREN.ESCAV
A3: MEMÓRIA DE CÁLCULO: ESCAVAÇÕES E ESCORAMENTOS PARA REDES | Y3: MEMÓRIA DE CÁLCULO: ACRÉSCIMO NA ESCAVAÇÃO E ESCORAMENTO DE REDE PARA EXECUÇÃO DOS PV's | AP3: MEMÓRIA DE CÁLCULO: EMBASAMENTO E REATERRO
W4: considerando escoramento para profundidades maiores que | X4: 1.5 | AN4: considerando escoramento para profundidades maiores que | AO4: 1.5 | BK4: considerando escoramento para profundidades maiores que | BL4: 1.5
A5: Bacia Trecho | G5: Tipo | H5: Compr. Trecho | I5: Linhas | J5: Compr. Total | K5: Profundidade | M5: Prof. média | N5: Acréscimo | P5: Prof. de escav. | Q5: Largura da vala | R5: Volume de escavação | W5: Escoramento de vala | Y5: Nº PV | Z5: PV dimensões internas | AC5: Prof. Rede | AD5: Acréscimo Prof. Vala | AF5: Prof. de escav. | AG5: Compr. Escav. | AH5: Acréscimo largura da vala | AI5: Acréscimo volume de escavação da rede para PV | AN5: Acréscimo escoramento de vala | AP5: Bacia Trecho | AU5: Compr. Rede | AV5: PV dimensões externas | AY5: Embasamento tubo / galeria retangular | BF5: Volume | BG5: Volume a ser descontado da escavação | BL5: Volume de reaterro | BN5: Bacia Trecho | BP5: DN | BR5: Compr. | BS5: Profundidade | BU5: Degrau
D6: DN | N6: Espessura | R6: vala não | S6: vala escorada | AD6: Parede tubo | AE6: Base PV | AI6: vala não | AJ6: vala escorada | AR6: DN | BC6: Areia ou | BD6: Pedra | BE6: Brita | BF6: escav. | BG6: Volume | BH6: Altura | BI6: Altura | BJ6: Volume | BK6: Volume
D7: ou | N7: parede | O7: base | R7: escorada | AI7: escorada | AR7: ou | AY7: Ext. | AZ7: Esp. | BA7: Esp. | BB7: Larg. | BC7: pó de | BD7: de | BE7: nº 2 | BF7: rede + | BG7: rede | BH7: PV | BI7: pescoço | BJ7: PV | BK7: pescoço | BO7: Nº DO PV
D8: Base x Altura | K8: Mont | L8: Jus | R8: até 1,5m | S8: até 1,5m | T8: de 1,5a3m | U8: de 3a4,5m | V8: de 4,5a6m | W8: ≤ 4m | X8: > 4m | AI8: até 1,5m | AJ8: até 1,5m | AK8: de 1,5a3m | AL8: de 3a4,5m | AM8: de 4,5a6m | AN8: ≤ 4m | AO8: > 4m | AR8: Base x Altura | AZ8: mat. 1 | BA8: mat. 2 | BC8: pedra | BD8: mão | BF8: PV | BS8: Mont | BT8: Jus
D9: (m) | H9: (m) | I9: (un) | J9: (m) | K9: (m) | L9: (m) | M9: (m) | N9: (m) | O9: (m) | P9: (m) | Q9: (m) | R9: (m³) | S9: (m³) | T9: (m³) | U9: (m³) | V9: (m³) | W9: (m²) | X9: (m²) | Z9: (m) | AC9: (m) | AD9: (m) | AE9: (m) | AF9: (m) | AG9: (m) | AH9: (m) | AI9: (m³) | AJ9: (m³) | AK9: (m³) | AL9: (m³) | AM9: (m³) | AN9: (m²) | AO9: (m²) | AR9: (m) | AU9: (m) | AV9: (m) | AY9: (m) | AZ9: (m) | BA9: (m) | BB9: (m) | BC9: (m³) | BD9: (m³) | BE9: (m³) | BF9: (m³) | BG9: (m³) | BH9: (m) | BI9: (m) | BJ9: (m³) | BK9: (m³) | BL9: (m³) | BP9: (m) | BR9: (m) | BS9: (m) | BT9: (m) | BU9: (m)
A10: PACHECO / SACRAMENTO | Y10: PACHECO / SACRAMENTO | AP10: PACHECO / SACRAMENTO
A11: BACIA A | Y11: BACIA A | AP11: BACIA A
Y12: 0 | AP12: 0
A13: A1->A2 | D13: 0.4 | G13: PA-1 | H13: 20 | I13: 1 | J13: 20 | K13: 1.26 | L13: 1 | M13: 1.13 | N13: 0.04 | O13: 0.1 | P13: 1.27 | Q13: 1.08 | R13: 27.43 | S13: 0 | T13: 0 | U13: 0 | V13: 0 | W13: 0 | X13: 0 | Y13: A1 | Z13: 1.2 | AA13: x | AB13: 1.2 | AC13: 1.26 | AD13: 0.04 | AE13: 0.15 | AF13: 1.45 | AG13: 2.2 | AH13: 0.92 | AI13: 2.93 | AJ13: 0 | AK13: 0 | AL13: 0 | AM13: 0 | AN13: 0 | AO13: 0 | AP13: A1->A2 | AR13: 0.4 | AU13: 20 | AV13: 1.4 | AW13: x | AX13: 1.4 | AY13: 18.6 | AZ13: 0.1 | BB13: 1.08 | BC13: 3.76 | BD13: 0 | BF13: 30.36 | BG13: 3.37 | BH13: 1.45 | BI13: 0 | BJ13: 2.84 | BK13: 0 | BL13: 20.39 | BN13: A1->A2 | BO13: A1 | BP13: 0.4 | BQ13: PA-1 | BR13: 20 | BS13: 1.26 | BT13: 1
A14: A2->A3 | D14: 0.4 | G14: PA-1 | H14: 19.608031 | I14: 1 | J14: 19.608031 | K14: 1.505 | L14: 1 | M14: 1.25 | N14: 0.04 | O14: 0.1 | P14: 1.39 | Q14: 1.08 | R14: 29.44 | S14: 0 | T14: 0 | U14: 0 | V14: 0 | W14: 0 | X14: 0 | Y14: A2 | Z14: 1.2 | AA14: x | AB14: 1.2 | AC14: 1.505 | AD14: 0.04 | AE14: 0.15 | AF14: 1.69 | AG14: 2.2 | AH14: 0.92 | AI14: 0 | AJ14: 3.04 | AK14: 0.38 | AL14: 0 | AM14: 0 | AN14: 16.12 | AO14: 0 | AP14: A2->A3 | AQ14: 0 | AR14: 0.4 | AU14: 19.608031 | AV14: 1.4 | AW14: x | AX14: 1.4 | AY14: 18.208031 | AZ14: 0.1 | BB14: 1.08 | BC14: 3.68 | BD14: 0 | BF14: 32.86 | BG14: 3.29 | BH14: 1.695 | BI14: 0 | BJ14: 3.32 | BK14: 0 | BL14: 22.57 | BN14: A2->A3 | BO14: A2 | BP14: 0.4 | BQ14: PA-1 | BR14: 19.608031 | BS14: 1.505 | BT14: 1
A15: A3->A4 | D15: 0.4 | G15: PA-1 | H15: 27.391969 | I15: 1 | J15: 27.391969 | K15: 1.7842965 | L15: 1.17 | M15: 1.48 | N15: 0.04 | O15: 0.1 | P15: 1.62 | Q15: 1.08 | R15: 0 | S15: 44.37 | T15: 3.55 | U15: 0 | V15: 0 | W15: 116.14 | X15: 0 | Y15: A3 | Z15: 1.2 | AA15: x | AB15: 1.2 | AC15: 1.7842965 | AD15: 0.04 | AE15: 0.15 | AF15: 1.97 | AG15: 2.2 | AH15: 0.92 | AI15: 0 | AJ15: 3.04 | AK15: 0.95 | AL15: 0 | AM15: 0 | AN15: 18.18 | AO15: 0 | AP15: A3->A4 | AQ15: 0 | AR15: 0.4 | AU15: 27.391969 | AV15: 1.4 | AW15: x | AX15: 1.4 | AY15: 25.991969 | AZ15: 0.1 | BB15: 1.08 | BC15: 5.26 | BD15: 0 | BF15: 51.91 | BG15: 4.7 | BH15: 1.9742965 | BI15: 0 | BJ15: 3.87 | BK15: 0 | BL15: 38.08 | BN15: A3->A4 | BO15: A3 | BP15: 0.4 | BQ15: PA-1 | BR15: 27.391969 | BS15: 1.7842965 | BT15: 1.17
A16: A4->A5 | D16: 0.4 | G16: PA-1 | H16: 28 | I16: 1 | J16: 28 | K16: 2.03 | L16: 1.2 | M16: 1.62 | N16: 0.04 | O16: 0.1 | P16: 1.76 | Q16: 1.08 | R16: 0 | S16: 45.36 | T16: 7.86 | U16: 0 | V16: 0 | W16: 126.56 | X16: 0 | Y16: A4 | Z16: 1.2 | AA16: x | AB16: 1.2 | AC16: 2.03 | AD16: 0.04 | AE16: 0.15 | AF16: 2.22 | AG16: 2.3 | AH16: 0.92 | AI16: 0 | AJ16: 3.17 | AK16: 1.52 | AL16: 0 | AM16: 0 | AN16: 20.02 | AO16: 0 | AP16: A4->A5 | AQ16: 0 | AR16: 0.4 | AU16: 28 | AV16: 1.4 | AW16: x | AX16: 1.4 | AY16: 26.6 | AZ16: 0.1 | BB16: 1.08 | BC16: 5.38 | BD16: 0 | BF16: 57.91 | BG16: 4.81 | BH16: 2.22 | BI16: 0.05 | BJ16: 4.35 | BK16: 0.03 | BL16: 43.34 | BN16: A4->A5 | BO16: A4 | BP16: 0.4 | BQ16: PA-1 | BR16: 28 | BS16: 2.03 | BT16: 1.2
A17: A5->A6 | D17: 0.4 | G17: PA-1 | H17: 27 | I17: 1 | J17: 27 | K17: 1.65 | L17: 1.325 | M17: 1.49 | N17: 0.04 | O17: 0.1 | P17: 1.63 | Q17: 1.08 | R17: 0 | S17: 43.74 | T17: 3.79 | U17: 0 | V17: 0 | W17: 115.02 | X17: 0 | Y17: A5 | Z17: 1.2 | AA17: x | AB17: 1.2 | AC17: 1.65 | AD17: 0.04 | AE17: 0.15 | AF17: 1.84 | AG17: 2.2 | AH17: 0.92 | AI17: 0 | AJ17: 3.04 | AK17: 0.69 | AL17: 0 | AM17: 0 | AN17: 17.22 | AO17: 0 | AP17: A5->A6 | AQ17: 0 | AR17: 0.4 | AU17: 27 | AV17: 1.4 | AW17: x | AX17: 1.4 | AY17: 25.6 | AZ17: 0.1 | BB17: 1.08 | BC17: 5.18 | BD17: 0 | BF17: 51.26 | BG17: 4.63 | BH17: 1.84 | BI17: 0 | BJ17: 3.61 | BK17: 0 | BL17: 37.84 | BN17: A5->A6 | BO17: A5 | BP17: 0.4 | BQ17: PA-1 | BR17: 27 | BS17: 1.65 | BT17: 1.325
A18: A6-1->A6 | D18: 0.4 | G18: PA-2 | H18: 18 | I18: 1 | J18: 18 | K18: 2.3458621 | L18: 1.005 | M18: 1.68 | N18: 0.04 | O18: 0.1 | P18: 1.82 | Q18: 1.08 | R18: 0 | S18: 29.16 | T18: 6.22 | U18: 0 | V18: 0 | W18: 83.52 | X18: 0 | Y18: A6-1 | Z18: 1.2 | AA18: x | AB18: 1.2 | AC18: 2.3458621 | AD18: 0.04 | AE18: 0.15 | AF18: 2.54 | AG18: 2.3 | AH18: 0.92 | AI18: 0 | AJ18: 3.17 | AK18: 2.2 | AL18: 0 | AM18: 0 | AN18: 22.37 | AO18: 0 | AP18: A6-1->A6 | AQ18: 0 | AR18: 0.4 | AU18: 18 | AV18: 1.4 | AW18: x | AX18: 1.4 | AY18: 16.6 | AZ18: 0.1 | BB18: 1.08 | BC18: 3.36 | BD18: 0 | BF18: 40.75 | BG18: 3 | BH18: 2.35 | BI18: 0.2358621 | BJ18: 4.61 | BK18: 0.15 | BL18: 29.63 | BN18: A6-1->A6 | BO18: A6-1 | BP18: 0.4 | BQ18: PA-2 | BR18: 18 | BS18: 2.3458621 | BT18: 1.005
A19: A6->A7 | D19: 0.4 | G19: PA-2 | H19: 40 | I19: 1 | J19: 40 | K19: 2.85 | L19: 0.905 | M19: 1.88 | N19: 0.04 | O19: 0.1 | P19: 2.02 | Q19: 1.18 | R19: 0 | S19: 70.8 | T19: 24.54 | U19: 0 | V19: 0 | W19: 201.6 | X19: 0 | Y19: A6-1 | Z19: 1.2 | AA19: x | AB19: 1.2 | AC19: 2.85 | AD19: 0.04 | AE19: 0.15 | AF19: 3.04 | AG19: 2.3 | AH19: 0.92 | AI19: 0 | AJ19: 3.17 | AK19: 3.17 | AL19: 0.08 | AM19: 0 | AN19: 26.05 | AO19: 0 | AP19: A6->A7 | AQ19: 0 | AR19: 0.4 | AU19: 40 | AV19: 1.4 | AW19: x | AX19: 1.4 | AY19: 38.6 | AZ19: 0.1 | BB19: 1.18 | BC19: 8.65 | BD19: 0 | BF19: 101.76 | BG19: 6.98 | BH19: 2.35 | BI19: 0.74 | BJ19: 4.61 | BK19: 0.47 | BL19: 81.05 | BN19: A6->A7 | BO19: A6-1 | BP19: 0.4 | BQ19: PA-2 | BR19: 40 | BS19: 2.85 | BT19: 0.905
A20: A7->A8 | D20: 0.4 | G20: PA-2 | H20: 5 | I20: 1 | J20: 5 | K20: 0.95 | L20: 0.88 | M20: 0.92 | N20: 0.04 | O20: 0.1 | P20: 1.06 | Q20: 1.08 | R20: 5.72 | S20: 0 | T20: 0 | U20: 0 | V20: 0 | W20: 0 | X20: 0 | Y20: A7 | Z20: 1.2 | AA20: x | AB20: 1.2 | AC20: 0.95 | AD20: 0.04 | AE20: 0.15 | AF20: 1.14 | AG20: 2.2 | AH20: 0.92 | AI20: 2.31 | AJ20: 0 | AK20: 0 | AL20: 0 | AM20: 0 | AN20: 0 | AO20: 0 | AP20: A7->A8 | AQ20: 0 | AR20: 0.4 | AU20: 5 | AV20: 1.4 | AW20: x | AX20: 1.4 | AY20: 3.6 | AZ20: 0.1 | BB20: 1.08 | BC20: 0.73 | BD20: 0 | BF20: 8.03 | BG20: 0.65 | BH20: 1.14 | BI20: 0 | BJ20: 2.23 | BK20: 0 | BL20: 4.42 | BN20: A7->A8 | BO20: A7 | BP20: 0.4 | BQ20: PA-2 | BR20: 5 | BS20: 0.95 | BT20: 0.88
A22: BACIA B | Y22: BACIA B | AP22: BACIA B
A24: B1->B2 | D24: 0.4 | G24: PA-1 | H24: 11.40618 | I24: 1 | J24: 11.40618 | K24: 1.08 | L24: 1 | M24: 1.04 | N24: 0.04 | O24: 0.1 | P24: 1.18 | Q24: 1.08 | R24: 14.54 | S24: 0 | T24: 0 | U24: 0 | V24: 0 | W24: 0 | X24: 0 | Y24: B1 | Z24: 1.2 | AA24: x | AB24: 1.2 | AC24: 1.08 | AD24: 0.04 | AE24: 0.15 | AF24: 1.27 | AG24: 2.2 | AH24: 0.92 | AI24: 2.57 | AJ24: 0 | AK24: 0 | AL24: 0 | AM24: 0 | AN24: 0 | AO24: 0 | AP24: B1->B2 | AQ24: 0 | AR24: 0.4 | AU24: 11.40618 | AV24: 1.4 | AW24: x | AX24: 1.4 | AY24: 10.00618 | AZ24: 0.1 | BB24: 1.08 | BC24: 2.02 | BD24: 0 | BF24: 17.11 | BG24: 1.81 | BH24: 1.27 | BI24: 0 | BJ24: 2.49 | BK24: 0 | BL24: 10.79 | BN24: B1->B2 | BO24: B1 | BP24: 0.4 | BQ24: PA-1 | BR24: 11.40618 | BS24: 1.08 | BT24: 1
A25: B2->B3 | D25: 0.4 | G25: PA-1 | H25: 35 | I25: 1 | J25: 35 | K25: 1.84 | L25: 1 | M25: 1.42 | N25: 0.04 | O25: 0.1 | P25: 1.56 | Q25: 1.08 | R25: 0 | S25: 56.7 | T25: 2.27 | U25: 0 | V25: 0 | W25: 144.2 | X25: 0 | Y25: B2 | Z25: 1.2 | AA25: x | AB25: 1.2 | AC25: 1.84 | AD25: 0.04 | AE25: 0.15 | AF25: 2.03 | AG25: 2.2 | AH25: 0.92 | AI25: 0 | AJ25: 3.04 | AK25: 1.07 | AL25: 0 | AM25: 0 | AN25: 18.62 | AO25: 0 | AP25: B2->B3 | AQ25: 0 | AR25: 0.4 | AU25: 35 | AV25: 1.4 | AW25: x | AX25: 1.4 | AY25: 33.6 | AZ25: 0.1 | BB25: 1.08 | BC25: 6.79 | BD25: 0 | BF25: 63.08 | BG25: 6.08 | BH25: 2.03 | BI25: 0 | BJ25: 3.98 | BK25: 0 | BL25: 46.23 | BN25: B2->B3 | BO25: B2 | BP25: 0.4 | BQ25: PA-1 | BR25: 35 | BS25: 1.84 | BT25: 1
A26: B3->B4 | D26: 0.4 | G26: PA-1 | H26: 35 | I26: 1 | J26: 35 | K26: 2.24 | L26: 1.06 | M26: 1.65 | N26: 0.04 | O26: 0.1 | P26: 1.79 | Q26: 1.08 | R26: 0 | S26: 56.7 | T26: 10.96 | U26: 0 | V26: 0 | W26: 160.3 | X26: 0 | Y26: B3 | Z26: 1.2 | AA26: x | AB26: 1.2 | AC26: 2.24 | AD26: 0.04 | AE26: 0.15 | AF26: 2.43 | AG26: 2.3 | AH26: 0.92 | AI26: 0 | AJ26: 3.17 | AK26: 1.97 | AL26: 0 | AM26: 0 | AN26: 21.56 | AO26: 0 | AP26: B3->B4 | AQ26: 0 | AR26: 0.4 | AU26: 35 | AV26: 1.4 | AW26: x | AX26: 1.4 | AY26: 33.6 | AZ26: 0.1 | BB26: 1.08 | BC26: 6.79 | BD26: 0 | BF26: 72.8 | BG26: 6.08 | BH26: 2.35 | BI26: 0.13 | BJ26: 4.61 | BK26: 0.08 | BL26: 55.24 | BN26: B3->B4 | BO26: B3 | BP26: 0.4 | BQ26: PA-1 | BR26: 35 | BS26: 2.24 | BT26: 1.06
A27: B4->B5 | D27: 0.4 | G27: PA-2 | H27: 30 | I27: 1 | J27: 30 | K27: 1.81 | L27: 0.85 | M27: 1.33 | N27: 0.04 | O27: 0.1 | P27: 1.47 | Q27: 1.08 | R27: 47.63 | S27: 0 | T27: 0 | U27: 0 | V27: 0 | W27: 0 | X27: 0 | Y27: B4 | Z27: 1.2 | AA27: x | AB27: 1.2 | AC27: 1.81 | AD27: 0.04 | AE27: 0.15 | AF27: 2 | AG27: 2.2 | AH27: 0.92 | AI27: 0 | AJ27: 3.04 | AK27: 1.01 | AL27: 0 | AM27: 0 | AN27: 18.4 | AO27: 0 | AP27: B4->B5 | AQ27: 0 | AR27: 0.4 | AU27: 30 | AV27: 1.4 | AW27: x | AX27: 1.4 | AY27: 28.6 | AZ27: 0.1 | BB27: 1.08 | BC27: 5.78 | BD27: 0 | BF27: 51.68 | BG27: 5.18 | BH27: 2 | BI27: 0 | BJ27: 3.92 | BK27: 0 | BL27: 36.8 | BN27: B4->B5 | BO27: B4 | BP27: 0.4 | BQ27: PA-2 | BR27: 30 | BS27: 1.81 | BT27: 0.85
A28: B5->B | D28: 0.4 | G28: PA-2 | H28: 7 | I28: 1 | J28: 7 | K28: 0.85 | L28: 0.85 | M28: 0.85 | N28: 0.04 | O28: 0.1 | P28: 0.99 | Q28: 1.08 | R28: 7.48 | S28: 0 | T28: 0 | U28: 0 | V28: 0 | W28: 0 | X28: 0 | Y28: B5 | Z28: 1.2 | AA28: x | AB28: 1.2 | AC28: 0.85 | AD28: 0.04 | AE28: 0.15 | AF28: 1.04 | AG28: 2.2 | AH28: 0.92 | AI28: 2.1 | AJ28: 0 | AK28: 0 | AL28: 0 | AM28: 0 | AN28: 0 | AO28: 0 | AP28: B5->B | AQ28: 0 | AR28: 0.4 | AU28: 7 | AV28: 1.4 | AW28: x | AX28: 1.4 | AY28: 5.6 | AZ28: 0.1 | BB28: 1.08 | BC28: 1.13 | BD28: 0 | BF28: 9.58 | BG28: 1.01 | BH28: 1.04 | BI28: 0 | BJ28: 2.04 | BK28: 0 | BL28: 5.4 | BN28: B5->B | BO28: B5 | BP28: 0.4 | BQ28: PA-2 | BR28: 7 | BS28: 0.85 | BT28: 0.85
A30: BACIA C | Y30: BACIA C | AP30: BACIA C
A32: C1->C2 | D32: 0.4 | G32: PA-1 | H32: 40 | I32: 1 | J32: 40 | K32: 1.235 | L32: 1.123157 | M32: 1.18 | N32: 0.04 | O32: 0.1 | P32: 1.32 | Q32: 1.08 | R32: 57.02 | S32: 0 | T32: 0 | U32: 0 | V32: 0 | W32: 0 | X32: 0 | Y32: C1 | Z32: 1.2 | AA32: x | AB32: 1.2 | AC32: 1.235 | AD32: 0.04 | AE32: 0.15 | AF32: 1.43 | AG32: 2.2 | AH32: 0.92 | AI32: 2.89 | AJ32: 0 | AK32: 0 | AL32: 0 | AM32: 0 | AN32: 0 | AO32: 0 | AP32: C1->C2 | AQ32: 0 | AR32: 0.4 | AU32: 40 | AV32: 1.4 | AW32: x | AX32: 1.4 | AY32: 38.6 | AZ32: 0.1 | BB32: 1.08 | BC32: 7.8 | BD32: 0 | BF32: 59.91 | BG32: 6.98 | BH32: 1.425 | BI32: 0 | BJ32: 2.79 | BK32: 0 | BL32: 42.34 | BN32: C1->C2 | BO32: C1 | BP32: 0.4 | BQ32: PA-1 | BR32: 40 | BS32: 1.235 | BT32: 1.123157
A33: C2->C3 | D33: 0.4 | G33: PA-1 | H33: 40 | I33: 1 | J33: 40 | K33: 1.598157 | L33: 1.1455846 | M33: 1.37 | N33: 0.04 | O33: 0.1 | P33: 1.51 | Q33: 1.08 | R33: 0 | S33: 64.8 | T33: 0.43 | U33: 0 | V33: 0 | W33: 160.8 | X33: 0 | Y33: C2 | Z33: 1.2 | AA33: x | AB33: 1.2 | AC33: 1.598157 | AD33: 0.04 | AE33: 0.15 | AF33: 1.79 | AG33: 2.2 | AH33: 0.92 | AI33: 0 | AJ33: 3.04 | AK33: 0.59 | AL33: 0 | AM33: 0 | AN33: 16.85 | AO33: 0 | AP33: C2->C3 | AQ33: 0 | AR33: 0.4 | AU33: 40 | AV33: 1.4 | AW33: x | AX33: 1.4 | AY33: 38.6 | AZ33: 0.1 | BB33: 1.08 | BC33: 7.8 | BD33: 0 | BF33: 68.86 | BG33: 6.98 | BH33: 1.788157 | BI33: 0 | BJ33: 3.5 | BK33: 0 | BL33: 50.58 | BN33: C2->C3 | BO33: C2 | BP33: 0.4 | BQ33: PA-1 | BR33: 40 | BS33: 1.598157 | BT33: 1.1455846
A34: C3->C4 | D34: 0.4 | G34: PA-2 | H34: 20 | I34: 1 | J34: 20 | K34: 2.2795556 | L34: 0.85 | M34: 1.56 | N34: 0.04 | O34: 0.1 | P34: 1.7 | Q34: 1.08 | R34: 0 | S34: 32.4 | T34: 4.32 | U34: 0 | V34: 0 | W34: 88 | X34: 0 | Y34: C3 | Z34: 1.2 | AA34: x | AB34: 1.2 | AC34: 2.2795556 | AD34: 0.04 | AE34: 0.15 | AF34: 2.47 | AG34: 2.3 | AH34: 0.92 | AI34: 0 | AJ34: 3.17 | AK34: 2.05 | AL34: 0 | AM34: 0 | AN34: 21.86 | AO34: 0 | AP34: C3->C4 | AQ34: 0 | AR34: 0.4 | AU34: 20 | AV34: 1.4 | AW34: x | AX34: 1.4 | AY34: 18.6 | AZ34: 0.1 | BB34: 1.08 | BC34: 3.76 | BD34: 0 | BF34: 41.94 | BG34: 3.37 | BH34: 2.35 | BI34: 0.1695556 | BJ34: 4.61 | BK34: 0.11 | BL34: 30.09 | BN34: C3->C4 | BO34: C3 | BP34: 0.4 | BQ34: PA-2 | BR34: 20 | BS34: 2.2795556 | BT34: 0.85
A35: C4->C5 | D35: 0.4 | G35: PA-2 | H35: 20 | I35: 1 | J35: 20 | K35: 2.145 | L35: 0.85 | M35: 1.5 | N35: 0.04 | O35: 0.1 | P35: 1.64 | Q35: 1.08 | R35: 0 | S35: 32.4 | T35: 3.02 | U35: 0 | V35: 0 | W35: 85.6 | X35: 0 | Y35: C4 | Z35: 1.2 | AA35: x | AB35: 1.2 | AC35: 2.145 | AD35: 0.04 | AE35: 0.15 | AF35: 2.34 | AG35: 2.3 | AH35: 0.92 | AI35: 0 | AJ35: 3.17 | AK35: 1.78 | AL35: 0 | AM35: 0 | AN35: 20.9 | AO35: 0 | AP35: C4->C5 | AQ35: 0 | AR35: 0.4 | AU35: 20 | AV35: 1.4 | AW35: x | AX35: 1.4 | AY35: 18.6 | AZ35: 0.1 | BB35: 1.08 | BC35: 3.76 | BD35: 0 | BF35: 40.37 | BG35: 3.37 | BH35: 2.35 | BI35: 0.035 | BJ35: 4.61 | BK35: 0.02 | BL35: 28.61 | BN35: C4->C5 | BO35: C4 | BP35: 0.4 | BQ35: PA-2 | BR35: 20 | BS35: 2.145 | BT35: 0.85
A36: C5->C6 | D36: 0.4 | G36: PA-2 | H36: 34.990447 | I36: 1 | J36: 34.990447 | K36: 1.9000666 | L36: 0.92128847 | M36: 1.41 | N36: 0.04 | O36: 0.1 | P36: 1.55 | Q36: 1.08 | R36: 0 | S36: 56.68 | T36: 1.89 | U36: 0 | V36: 0 | W36: 143.46 | X36: 0 | Y36: C5 | Z36: 1.2 | AA36: x | AB36: 1.2 | AC36: 1.9000666 | AD36: 0.04 | AE36: 0.15 | AF36: 2.09 | AG36: 2.2 | AH36: 0.92 | AI36: 0 | AJ36: 3.04 | AK36: 1.19 | AL36: 0 | AM36: 0 | AN36: 19.06 | AO36: 0 | AP36: C5->C6 | AQ36: 0 | AR36: 0.4 | AU36: 34.990447 | AV36: 1.4 | AW36: x | AX36: 1.4 | AY36: 33.590447 | AZ36: 0.1 | BB36: 1.08 | BC36: 6.79 | BD36: 0 | BF36: 62.8 | BG36: 6.08 | BH36: 2.0900666 | BI36: 0 | BJ36: 4.1 | BK36: 0 | BL36: 45.83 | BN36: C5->C6 | BO36: C5 | BP36: 0.4 | BQ36: PA-2 | BR36: 34.990447 | BS36: 1.9000666 | BT36: 0.92128847
A37: C6->C7 | D37: 0.4 | G37: PA-2 | H37: 9.4275209 | I37: 1 | J37: 9.4275209 | K37: 0.92128847 | L37: 0.88316243 | M37: 0.9 | N37: 0.04 | O37: 0.1 | P37: 1.04 | Q37: 1.08 | R37: 10.59 | S37: 0 | T37: 0 | U37: 0 | V37: 0 | W37: 0 | X37: 0 | Y37: C6 | Z37: 1.2 | AA37: x | AB37: 1.2 | AC37: 0.92128847 | AD37: 0.04 | AE37: 0.15 | AF37: 1.11 | AG37: 2.2 | AH37: 0.92 | AI37: 2.25 | AJ37: 0 | AK37: 0 | AL37: 0 | AM37: 0 | AN37: 0 | AO37: 0 | AP37: C6->C7 | AQ37: 0 | AR37: 0.4 | AU37: 9.4275209 | AV37: 1.4 | AW37: x | AX37: 1.4 | AY37: 8.0275209 | AZ37: 0.1 | BB37: 1.08 | BC37: 1.62 | BD37: 0 | BF37: 12.84 | BG37: 1.45 | BH37: 1.1112885 | BI37: 0 | BJ37: 2.18 | BK37: 0 | BL37: 7.59 | BN37: C6->C7 | BO37: C6 | BP37: 0.4 | BQ37: PA-2 | BR37: 9.4275209 | BS37: 0.92128847 | BT37: 0.88316243
A39: BACIA D | Y39: BACIA D | AP39: BACIA D
A41: D1->D2 | D41: 0.4 | G41: PA-1 | H41: 20 | I41: 1 | J41: 20 | K41: 1.3572262 | L41: 1.25 | M41: 1.3 | N41: 0.04 | O41: 0.1 | P41: 1.44 | Q41: 1.08 | R41: 31.1 | S41: 0 | T41: 0 | U41: 0 | V41: 0 | W41: 0 | X41: 0 | Y41: D1 | Z41: 1.2 | AA41: x | AB41: 1.2 | AC41: 1.3572262 | AD41: 0.04 | AE41: 0.15 | AF41: 1.55 | AG41: 2.2 | AH41: 0.92 | AI41: 0 | AJ41: 3.04 | AK41: 0.1 | AL41: 0 | AM41: 0 | AN41: 15.09 | AO41: 0 | AP41: D1->D2 | AQ41: 0 | AR41: 0.4 | AU41: 20 | AV41: 1.4 | AW41: x | AX41: 1.4 | AY41: 18.6 | AZ41: 0.1 | BB41: 1.08 | BC41: 3.76 | BD41: 0 | BF41: 34.24 | BG41: 3.37 | BH41: 1.5472262 | BI41: 0 | BJ41: 3.03 | BK41: 0 | BL41: 24.08 | BN41: D1->D2 | BO41: D1 | BP41: 0.4 | BQ41: PA-1 | BR41: 20 | BS41: 1.3572262 | BT41: 1.25
A42: D2->D3 | D42: 0.4 | G42: PA-1 | H42: 20 | I42: 1 | J42: 20 | K42: 1.3680896 | L42: 1.1 | M42: 1.23 | N42: 0.04 | O42: 0.1 | P42: 1.37 | Q42: 1.08 | R42: 29.59 | S42: 0 | T42: 0 | U42: 0 | V42: 0 | W42: 0 | X42: 0 | Y42: D2 | Z42: 1.2 | AA42: x | AB42: 1.2 | AC42: 1.3680896 | AD42: 0.04 | AE42: 0.15 | AF42: 1.56 | AG42: 2.2 | AH42: 0.92 | AI42: 0 | AJ42: 3.04 | AK42: 0.12 | AL42: 0 | AM42: 0 | AN42: 15.16 | AO42: 0 | AP42: D2->D3 | AQ42: 0 | AR42: 0.4 | AU42: 20 | AV42: 1.4 | AW42: x | AX42: 1.4 | AY42: 18.6 | AZ42: 0.1 | BB42: 1.08 | BC42: 3.76 | BD42: 0 | BF42: 32.75 | BG42: 3.37 | BH42: 1.5580896 | BI42: 0 | BJ42: 3.05 | BK42: 0 | BL42: 22.57 | BN42: D2->D3 | BO42: D2 | BP42: 0.4 | BQ42: PA-1 | BR42: 20 | BS42: 1.3680896 | BT42: 1.1
A43: D3->D4 | D43: 0.4 | G43: PA-1 | H43: 14 | I43: 1 | J43: 14 | K43: 1.1 | L43: 1 | M43: 1.05 | N43: 0.04 | O43: 0.1 | P43: 1.19 | Q43: 1.08 | R43: 17.99 | S43: 0 | T43: 0 | U43: 0 | V43: 0 | W43: 0 | X43: 0 | Y43: D3 | Z43: 1.2 | AA43: x | AB43: 1.2 | AC43: 1.1 | AD43: 0.04 | AE43: 0.15 | AF43: 1.29 | AG43: 2.2 | AH43: 0.92 | AI43: 2.61 | AJ43: 0 | AK43: 0 | AL43: 0 | AM43: 0 | AN43: 0 | AO43: 0 | AP43: D3->D4 | AQ43: 0 | AR43: 0.4 | AU43: 14 | AV43: 1.4 | AW43: x | AX43: 1.4 | AY43: 12.6 | AZ43: 0.1 | BB43: 1.08 | BC43: 2.55 | BD43: 0 | BF43: 20.6 | BG43: 2.28 | BH43: 1.29 | BI43: 0 | BJ43: 2.53 | BK43: 0 | BL43: 13.24 | BN43: D3->D4 | BO43: D3 | BP43: 0.4 | BQ43: PA-1 | BR43: 14 | BS43: 1.1 | BT43: 1
A44: D4->D5 | D44: 0.4 | G44: PA-1 | H44: 14 | I44: 1 | J44: 14 | K44: 1.1 | L44: 1 | M44: 1.05 | N44: 0.04 | O44: 0.1 | P44: 1.19 | Q44: 1.08 | R44: 17.99 | S44: 0 | T44: 0 | U44: 0 | V44: 0 | W44: 0 | X44: 0 | Y44: D4 | Z44: 1.2 | AA44: x | AB44: 1.2 | AC44: 1.1 | AD44: 0.04 | AE44: 0.15 | AF44: 1.29 | AG44: 2.2 | AH44: 0.92 | AI44: 2.61 | AJ44: 0 | AK44: 0 | AL44: 0 | AM44: 0 | AN44: 0 | AO44: 0 | AP44: D4->D5 | AQ44: 0 | AR44: 0.4 | AU44: 14 | AV44: 1.4 | AW44: x | AX44: 1.4 | AY44: 12.6 | AZ44: 0.1 | BB44: 1.08 | BC44: 2.55 | BD44: 0 | BF44: 20.6 | BG44: 2.28 | BH44: 1.29 | BI44: 0 | BJ44: 2.53 | BK44: 0 | BL44: 13.24 | BN44: D4->D5 | BO44: D4 | BP44: 0.4 | BQ44: PA-1 | BR44: 14 | BS44: 1.1 | BT44: 1
A45: D5->D6 | D45: 0.4 | G45: PA-1 | H45: 40 | I45: 1 | J45: 40 | K45: 2.02 | L45: 1.205 | M45: 1.61 | N45: 0.04 | O45: 0.1 | P45: 1.75 | Q45: 1.08 | R45: 0 | S45: 64.8 | T45: 10.8 | U45: 0 | V45: 0 | W45: 180 | X45: 0 | Y45: D5 | Z45: 1.2 | AA45: x | AB45: 1.2 | AC45: 2.02 | AD45: 0.04 | AE45: 0.15 | AF45: 2.21 | AG45: 2.3 | AH45: 0.92 | AI45: 0 | AJ45: 3.17 | AK45: 1.5 | AL45: 0 | AM45: 0 | AN45: 19.95 | AO45: 0 | AP45: D5->D6 | AQ45: 0 | AR45: 0.4 | AU45: 40 | AV45: 1.4 | AW45: x | AX45: 1.4 | AY45: 38.6 | AZ45: 0.1 | BB45: 1.08 | BC45: 7.8 | BD45: 0 | BF45: 80.27 | BG45: 6.98 | BH45: 2.21 | BI45: 0.05 | BJ45: 4.33 | BK45: 0.03 | BL45: 61.13 | BN45: D5->D6 | BO45: D5 | BP45: 0.4 | BQ45: PA-1 | BR45: 40 | BS45: 2.02 | BT45: 1.205
A46: D6->D7 | D46: 0.6 | G46: PA-1 | H46: 20 | I46: 1 | J46: 20 | K46: 1.42 | L46: 1.47686 | M46: 1.45 | N46: 0.06 | O46: 0.12 | P46: 1.63 | Q46: 1.32 | R46: 0 | S46: 39.6 | T46: 3.43 | U46: 0 | V46: 0 | W46: 85.2 | X46: 0 | Y46: D6 | Z46: 1.2 | AA46: x | AB46: 1.2 | AC46: 1.42 | AD46: 0.06 | AE46: 0.15 | AF46: 1.63 | AG46: 2.2 | AH46: 0.68 | AI46: 0 | AJ46: 2.24 | AK46: 0.19 | AL46: 0 | AM46: 0 | AN46: 11.59 | AO46: 0 | AP46: D6->D7 | AQ46: 0 | AR46: 0.6 | AU46: 20 | AV46: 1.4 | AW46: x | AX46: 1.4 | AY46: 18.6 | AZ46: 0.12 | BB46: 1.32 | BC46: 5.89 | BD46: 0 | BF46: 45.46 | BG46: 7.57 | BH46: 1.63 | BI46: 0 | BJ46: 3.19 | BK46: 0 | BL46: 28.81 | BN46: D6->D7 | BO46: D6 | BP46: 0.6 | BQ46: PA-1 | BR46: 20 | BS46: 1.42 | BT46: 1.47686
A47: D7->D8 | D47: 0.6 | G47: PA-2 | H47: 25 | I47: 1 | J47: 25 | K47: 1.47686 | L47: 1.1284398 | M47: 1.3 | N47: 0.06 | O47: 0.12 | P47: 1.48 | Q47: 1.32 | R47: 48.84 | S47: 0 | T47: 0 | U47: 0 | V47: 0 | W47: 0 | X47: 0 | Y47: D7 | Z47: 1.2 | AA47: x | AB47: 1.2 | AC47: 1.47686 | AD47: 0.06 | AE47: 0.15 | AF47: 1.69 | AG47: 2.2 | AH47: 0.68 | AI47: 0 | AJ47: 2.24 | AK47: 0.28 | AL47: 0 | AM47: 0 | AN47: 11.91 | AO47: 0 | AP47: D7->D8 | AQ47: 0 | AR47: 0.6 | AU47: 25 | AV47: 1.4 | AW47: x | AX47: 1.4 | AY47: 23.6 | AZ47: 0.12 | BB47: 1.32 | BC47: 7.47 | BD47: 0 | BF47: 51.36 | BG47: 9.61 | BH47: 1.68686 | BI47: 0 | BJ47: 3.31 | BK47: 0 | BL47: 30.97 | BN47: D7->D8 | BO47: D7 | BP47: 0.6 | BQ47: PA-2 | BR47: 25 | BS47: 1.47686 | BT47: 1.1284398
A48: D8->D | D48: 0.6 | G48: PA-2 | H48: 8.2222992 | I48: 1 | J48: 8.2222992 | K48: 1.1284398 | L48: 1.1284398 | M48: 1.13 | N48: 0.06 | O48: 0.12 | P48: 1.31 | Q48: 1.32 | R48: 14.22 | S48: 0 | T48: 0 | U48: 0 | V48: 0 | W48: 0 | X48: 0 | Y48: D8 | Z48: 1.2 | AA48: x | AB48: 1.2 | AC48: 1.1284398 | AD48: 0.06 | AE48: 0.15 | AF48: 1.34 | AG48: 2.2 | AH48: 0.68 | AI48: 2 | AJ48: 0 | AK48: 0 | AL48: 0 | AM48: 0 | AN48: 0 | AO48: 0 | AP48: D8->D | AQ48: 0 | AR48: 0.6 | AU48: 8.2222992 | AV48: 1.4 | AW48: x | AX48: 1.4 | AY48: 6.8222992 | AZ48: 0.12 | BB48: 1.32 | BC48: 2.16 | BD48: 0 | BF48: 16.22 | BG48: 2.78 | BH48: 1.3384398 | BI48: 0 | BJ48: 2.62 | BK48: 0 | BL48: 8.66 | BN48: D8->D | BO48: D8 | BP48: 0.6 | BQ48: PA-2 | BR48: 8.2222992 | BS48: 1.1284398 | BT48: 1.1284398
A50: BACIA E | Y50: BACIA E | AP50: BACIA E
A52: E1->E2 | D52: 0.4 | G52: PA-1 | H52: 25 | I52: 1 | J52: 25 | K52: 1.41 | L52: 1 | M52: 1.21 | N52: 0.04 | O52: 0.1 | P52: 1.35 | Q52: 1.08 | R52: 36.45 | S52: 0 | T52: 0 | U52: 0 | V52: 0 | W52: 0 | X52: 0 | Y52: E1 | Z52: 1.2 | AA52: x | AB52: 1.2 | AC52: 1.41 | AD52: 0.04 | AE52: 0.15 | AF52: 1.6 | AG52: 2.2 | AH52: 0.92 | AI52: 0 | AJ52: 3.04 | AK52: 0.2 | AL52: 0 | AM52: 0 | AN52: 15.46 | AO52: 0 | AP52: E1->E2 | AQ52: 0 | AR52: 0.4 | AU52: 25 | AV52: 1.4 | AW52: x | AX52: 1.4 | AY52: 23.6 | AZ52: 0.1 | BB52: 1.08 | BC52: 4.77 | BD52: 0 | BF52: 39.69 | BG52: 4.27 | BH52: 1.6 | BI52: 0 | BJ52: 3.14 | BK52: 0 | BL52: 27.51 | BN52: E1->E2 | BO52: E1 | BP52: 0.4 | BQ52: PA-1 | BR52: 25 | BS52: 1.41 | BT52: 1
A53: E2->E3 | D53: 0.4 | G53: PA-2 | H53: 30 | I53: 1 | J53: 30 | K53: 2.575 | L53: 0.855 | M53: 1.72 | N53: 0.04 | O53: 0.1 | P53: 1.86 | Q53: 1.08 | R53: 0 | S53: 48.6 | T53: 11.66 | U53: 0 | V53: 0 | W53: 141.6 | X53: 0 | Y53: E2 | Z53: 1.2 | AA53: x | AB53: 1.2 | AC53: 2.575 | AD53: 0.04 | AE53: 0.15 | AF53: 2.77 | AG53: 2.3 | AH53: 0.92 | AI53: 0 | AJ53: 3.17 | AK53: 2.69 | AL53: 0 | AM53: 0 | AN53: 24.07 | AO53: 0 | AP53: E2->E3 | AQ53: 0 | AR53: 0.4 | AU53: 30 | AV53: 1.4 | AW53: x | AX53: 1.4 | AY53: 28.6 | AZ53: 0.1 | BB53: 1.08 | BC53: 5.78 | BD53: 0 | BF53: 66.12 | BG53: 5.18 | BH53: 2.35 | BI53: 0.465 | BJ53: 4.61 | BK53: 0.3 | BL53: 50.25 | BN53: E2->E3 | BO53: E2 | BP53: 0.4 | BQ53: PA-2 | BR53: 30 | BS53: 2.575 | BT53: 0.855
A54: E3->E4 | D54: 0.4 | G54: PA-2 | H54: 26.366739 | I54: 1 | J54: 26.366739 | K54: 1.53 | L54: 0.85 | M54: 1.19 | N54: 0.04 | O54: 0.1 | P54: 1.33 | Q54: 1.08 | R54: 37.87 | S54: 0 | T54: 0 | U54: 0 | V54: 0 | W54: 0 | X54: 0 | Y54: E3 | Z54: 1.2 | AA54: x | AB54: 1.2 | AC54: 1.53 | AD54: 0.04 | AE54: 0.15 | AF54: 1.72 | AG54: 2.2 | AH54: 0.92 | AI54: 0 | AJ54: 3.04 | AK54: 0.45 | AL54: 0 | AM54: 0 | AN54: 16.34 | AO54: 0 | AP54: E3->E4 | AQ54: 0 | AR54: 0.4 | AU54: 26.366739 | AV54: 1.4 | AW54: x | AX54: 1.4 | AY54: 24.966739 | AZ54: 0.1 | BB54: 1.08 | BC54: 5.05 | BD54: 0 | BF54: 41.36 | BG54: 4.52 | BH54: 1.72 | BI54: 0 | BJ54: 3.37 | BK54: 0 | BL54: 28.42 | BN54: E3->E4 | BO54: E3 | BP54: 0.4 | BQ54: PA-2 | BR54: 26.366739 | BS54: 1.53 | BT54: 0.85
A55: E4->E | D55: 0.4 | G55: PA-2 | H55: 11 | I55: 1 | J55: 11 | K55: 0.85 | L55: 0.85 | M55: 0.85 | N55: 0.04 | O55: 0.1 | P55: 0.99 | Q55: 1.08 | R55: 11.76 | S55: 0 | T55: 0 | U55: 0 | V55: 0 | W55: 0 | X55: 0 | Y55: E4 | Z55: 1.2 | AA55: x | AB55: 1.2 | AC55: 0.85 | AD55: 0.04 | AE55: 0.15 | AF55: 1.04 | AG55: 2.2 | AH55: 0.92 | AI55: 2.1 | AJ55: 0 | AK55: 0 | AL55: 0 | AM55: 0 | AN55: 0 | AO55: 0 | AP55: E4->E | AQ55: 0 | AR55: 0.4 | AU55: 11 | AV55: 1.4 | AW55: x | AX55: 1.4 | AY55: 9.6 | AZ55: 0.1 | BB55: 1.08 | BC55: 1.94 | BD55: 0 | BF55: 13.86 | BG55: 1.74 | BH55: 1.04 | BI55: 0 | BJ55: 2.04 | BK55: 0 | BL55: 8.14 | BN55: E4->E | BO55: E4 | BP55: 0.4 | BQ55: PA-2 | BR55: 11 | BS55: 0.85 | BT55: 0.85
A57: BACIA F | Y57: BACIA F | AP57: BACIA F
A59: F1->F2 | D59: 0.4 | G59: PA-2 | H59: 40 | I59: 1 | J59: 40 | K59: 1.91 | L59: 0.85 | M59: 1.38 | N59: 0.04 | O59: 0.1 | P59: 1.52 | Q59: 1.08 | R59: 0 | S59: 64.8 | T59: 0.86 | U59: 0 | V59: 0 | W59: 161.6 | X59: 0 | Y59: F1 | Z59: 1.2 | AA59: x | AB59: 1.2 | AC59: 1.91 | AD59: 0.04 | AE59: 0.15 | AF59: 2.1 | AG59: 2.2 | AH59: 0.92 | AI59: 0 | AJ59: 3.04 | AK59: 1.21 | AL59: 0 | AM59: 0 | AN59: 19.14 | AO59: 0 | AP59: F1->F2 | AQ59: 0 | AR59: 0.4 | AU59: 40 | AV59: 1.4 | AW59: x | AX59: 1.4 | AY59: 38.6 | AZ59: 0.1 | BB59: 1.08 | BC59: 7.8 | BD59: 0 | BF59: 69.91 | BG59: 6.98 | BH59: 2.1 | BI59: 0 | BJ59: 4.12 | BK59: 0 | BL59: 51.01 | BN59: F1->F2 | BO59: F1 | BP59: 0.4 | BQ59: PA-2 | BR59: 40 | BS59: 1.91 | BT59: 0.85
A60: F2->F3 | D60: 0.4 | G60: PA-2 | H60: 40 | I60: 1 | J60: 40 | K60: 0.85 | L60: 1.069925 | M60: 0.96 | N60: 0.04 | O60: 0.1 | P60: 1.1 | Q60: 1.08 | R60: 47.52 | S60: 0 | T60: 0 | U60: 0 | V60: 0 | W60: 0 | X60: 0 | Y60: F2 | Z60: 1.2 | AA60: x | AB60: 1.2 | AC60: 0.85 | AD60: 0.04 | AE60: 0.15 | AF60: 1.04 | AG60: 2.2 | AH60: 0.92 | AI60: 2.1 | AJ60: 0 | AK60: 0 | AL60: 0 | AM60: 0 | AN60: 0 | AO60: 0 | AP60: F2->F3 | AQ60: 0 | AR60: 0.4 | AU60: 40 | AV60: 1.4 | AW60: x | AX60: 1.4 | AY60: 38.6 | AZ60: 0.1 | BB60: 1.08 | BC60: 7.8 | BD60: 0 | BF60: 49.62 | BG60: 6.98 | BH60: 1.04 | BI60: 0 | BJ60: 2.04 | BK60: 0 | BL60: 32.8 | BN60: F2->F3 | BO60: F2 | BP60: 0.4 | BQ60: PA-2 | BR60: 40 | BS60: 0.85 | BT60: 1.069925
A61: F3->F4 | D61: 0.4 | G61: PA-1 | H61: 40 | I61: 1 | J61: 40 | K61: 1.074925 | L61: 2.2212437 | M61: 1.65 | N61: 0.04 | O61: 0.1 | P61: 1.79 | Q61: 1.08 | R61: 0 | S61: 64.8 | T61: 12.53 | U61: 0 | V61: 0 | W61: 183.2 | X61: 0 | Y61: F3 | Z61: 1.2 | AA61: x | AB61: 1.2 | AC61: 1.074925 | AD61: 0.04 | AE61: 0.15 | AF61: 1.26 | AG61: 2.2 | AH61: 0.92 | AI61: 2.55 | AJ61: 0 | AK61: 0 | AL61: 0 | AM61: 0 | AN61: 0 | AO61: 0 | AP61: F3->F4 | AQ61: 0 | AR61: 0.4 | AU61: 40 | AV61: 1.4 | AW61: x | AX61: 1.4 | AY61: 38.6 | AZ61: 0.1 | BB61: 1.08 | BC61: 7.8 | BD61: 0 | BF61: 79.88 | BG61: 6.98 | BH61: 1.264925 | BI61: 0 | BJ61: 2.48 | BK61: 0 | BL61: 62.62 | BN61: F3->F4 | BO61: F3 | BP61: 0.4 | BQ61: PA-1 | BR61: 40 | BS61: 1.074925 | BT61: 2.2212437
A62: F4->F5 | D62: 0.6 | G62: PA-3 | H62: 39.999984 | I62: 1 | J62: 39.999984 | K62: 2.4412437 | L62: 4.35 | M62: 3.4 | N62: 0.06 | O62: 0.12 | P62: 3.58 | Q62: 1.52 | R62: 0 | S62: 91.2 | T62: 91.2 | U62: 35.26 | V62: 0 | W62: 326.4 | X62: 0 | Y62: F4 | Z62: 1.2 | AA62: x | AB62: 1.2 | AC62: 2.4412437 | AD62: 0.06 | AE62: 0.15 | AF62: 2.65 | AG62: 2.3 | AH62: 0.68 | AI62: 0 | AJ62: 2.35 | AK62: 1.8 | AL62: 0 | AM62: 0 | AN62: 17.14 | AO62: 0 | AP62: F4->F5 | AQ62: 0 | AR62: 0.6 | AU62: 39.999984 | AV62: 1.4 | AW62: x | AX62: 1.4 | AY62: 38.599984 | AZ62: 0.12 | BB62: 1.52 | BC62: 14.53 | BD62: 0 | BF62: 221.81 | BG62: 15.72 | BH62: 2.35 | BI62: 0.35124374 | BJ62: 4.61 | BK62: 0.22 | BL62: 186.73 | BN62: F4->F5 | BO62: F4 | BP62: 0.6 | BQ62: PA-3 | BR62: 39.999984 | BS62: 2.4412437 | BT62: 4.35
A63: F5->F6 | D63: 0.6 | G63: PA-3 | H63: 40.002555 | I63: 1 | J63: 40.002555 | K63: 4.35 | L63: 3.2407684 | M63: 3.8 | N63: 0.06 | O63: 0.12 | P63: 3.98 | Q63: 1.52 | R63: 0 | S63: 91.21 | T63: 91.21 | U63: 59.59 | V63: 0 | W63: 358.42 | X63: 0 | Y63: F5 | Z63: 1.2 | AA63: x | AB63: 1.2 | AC63: 4.35 | AD63: 0.06 | AE63: 0.15 | AF63: 4.56 | AG63: 2.5 | AH63: 0.68 | AI63: 0 | AJ63: 2.55 | AK63: 2.55 | AL63: 2.55 | AM63: 0.1 | AN63: 0 | AO63: 27.53 | AP63: F5->F6 | AQ63: 0 | AR63: 0.6 | AU63: 40.002555 | AV63: 1.4 | AW63: x | AX63: 1.4 | AY63: 38.602555 | AZ63: 0.12 | BB63: 1.52 | BC63: 14.53 | BD63: 0 | BF63: 249.76 | BG63: 15.72 | BH63: 3.76 | BI63: 0.85 | BJ63: 7.37 | BK63: 0.54 | BL63: 211.6 | BN63: F5->F6 | BO63: F5 | BP63: 0.6 | BQ63: PA-3 | BR63: 40.002555 | BS63: 4.35 | BT63: 3.2407684
A64: F6->F7 | D64: 0.6 | G64: PA-2 | H64: 29.997451 | I64: 1 | J64: 29.997451 | K64: 3.2407684 | L64: 1.065 | M64: 2.15 | N64: 0.06 | O64: 0.12 | P64: 2.33 | Q64: 1.42 | R64: 0 | S64: 63.89 | T64: 35.35 | U64: 0 | V64: 0 | W64: 169.79 | X64: 0 | Y64: F6 | Z64: 1.2 | AA64: x | AB64: 1.2 | AC64: 3.2407684 | AD64: 0.06 | AE64: 0.15 | AF64: 3.45 | AG64: 2.4 | AH64: 0.68 | AI64: 0 | AJ64: 2.45 | AK64: 2.45 | AL64: 0.73 | AM64: 0 | AN64: 21.49 | AO64: 0 | AP64: F6->F7 | AQ64: 0 | AR64: 0.6 | AU64: 29.997451 | AV64: 1.4 | AW64: x | AX64: 1.4 | AY64: 28.597451 | AZ64: 0.12 | BB64: 1.42 | BC64: 9.91 | BD64: 0 | BF64: 104.87 | BG64: 11.64 | BH64: 2.6507684 | BI64: 0.85 | BJ64: 5.2 | BK64: 0.54 | BL64: 77.58 | BN64: F6->F7 | BO64: F6 | BP64: 0.6 | BQ64: PA-2 | BR64: 29.997451 | BS64: 3.2407684 | BT64: 1.065
A65: F7->F8 | D65: 0.6 | G65: PA-2 | H65: 30 | I65: 1 | J65: 30 | K65: 2.455 | L65: 1.255 | M65: 1.85 | N65: 0.06 | O65: 0.12 | P65: 2.03 | Q65: 1.42 | R65: 0 | S65: 63.9 | T65: 22.58 | U65: 0 | V65: 0 | W65: 151.8 | X65: 0 | Y65: F7 | Z65: 1.2 | AA65: x | AB65: 1.2 | AC65: 2.455 | AD65: 0.06 | AE65: 0.15 | AF65: 2.66 | AG65: 2.3 | AH65: 0.68 | AI65: 0 | AJ65: 2.35 | AK65: 1.81 | AL65: 0 | AM65: 0 | AN65: 17.19 | AO65: 0 | AP65: F7->F8 | AQ65: 0 | AR65: 0.6 | AU65: 30 | AV65: 1.4 | AW65: x | AX65: 1.4 | AY65: 28.6 | AZ65: 0.12 | BB65: 1.42 | BC65: 9.91 | BD65: 0 | BF65: 90.64 | BG65: 11.64 | BH65: 2.35 | BI65: 0.365 | BJ65: 4.61 | BK65: 0.23 | BL65: 64.25 | BN65: F7->F8 | BO65: F7 | BP65: 0.6 | BQ65: PA-2 | BR65: 30 | BS65: 2.455 | BT65: 1.255
A66: F8->F9 | D66: 0.6 | G66: PA-2 | H66: 14.435782 | I66: 1 | J66: 14.435782 | K66: 1.255 | L66: 1.145 | M66: 1.2 | N66: 0.06 | O66: 0.12 | P66: 1.38 | Q66: 1.32 | R66: 26.3 | S66: 0 | T66: 0 | U66: 0 | V66: 0 | W66: 0 | X66: 0 | Y66: F8 | Z66: 1.2 | AA66: x | AB66: 1.2 | AC66: 1.255 | AD66: 0.06 | AE66: 0.15 | AF66: 1.46 | AG66: 2.2 | AH66: 0.68 | AI66: 2.18 | AJ66: 0 | AK66: 0 | AL66: 0 | AM66: 0 | AN66: 0 | AO66: 0 | AP66: F8->F9 | AQ66: 0 | AR66: 0.6 | AU66: 14.435782 | AV66: 1.4 | AW66: x | AX66: 1.4 | AY66: 13.035782 | AZ66: 0.12 | BB66: 1.32 | BC66: 4.12 | BD66: 0 | BF66: 28.48 | BG66: 5.31 | BH66: 1.465 | BI66: 0 | BJ66: 2.87 | BK66: 0 | BL66: 16.18 | BN66: F8->F9 | BO66: F8 | BP66: 0.6 | BQ66: PA-2 | BR66: 14.435782 | BS66: 1.255 | BT66: 1.145
A67: F9-1->F9-2 | D67: 0.6 | G67: PA-2 | H67: 22 | I67: 1 | J67: 22 | K67: 1.21 | L67: 0.885 | M67: 1.05 | N67: 0.06 | O67: 0.12 | P67: 1.23 | Q67: 1.32 | R67: 35.72 | S67: 0 | T67: 0 | U67: 0 | V67: 0 | W67: 0 | X67: 0 | Y67: F9-1 | Z67: 1.2 | AA67: x | AB67: 1.2 | AC67: 1.21 | AD67: 0.06 | AE67: 0.15 | AF67: 1.42 | AG67: 2.2 | AH67: 0.68 | AI67: 2.12 | AJ67: 0 | AK67: 0 | AL67: 0 | AM67: 0 | AN67: 0 | AO67: 0 | AP67: F9-1->F9-2 | AQ67: 0 | AR67: 0.6 | AU67: 22 | AV67: 1.4 | AW67: x | AX67: 1.4 | AY67: 20.6 | AZ67: 0.12 | BB67: 1.32 | BC67: 6.52 | BD67: 0 | BF67: 37.84 | BG67: 8.39 | BH67: 1.42 | BI67: 0 | BJ67: 2.78 | BK67: 0 | BL67: 20.15 | BN67: F9-1->F9-2 | BO67: F9-1 | BP67: 0.6 | BQ67: PA-2 | BR67: 22 | BS67: 1.21 | BT67: 0.885
A68: F9-2->F9 | D68: 0.6 | G68: PA-2 | H68: 25 | I68: 1 | J68: 25 | K68: 0.885 | L68: 0.855 | M68: 0.87 | N68: 0.06 | O68: 0.12 | P68: 1.05 | Q68: 1.32 | R68: 34.65 | S68: 0 | T68: 0 | U68: 0 | V68: 0 | W68: 0 | X68: 0 | Y68: F9-2 | Z68: 1.2 | AA68: x | AB68: 1.2 | AC68: 0.885 | AD68: 0.06 | AE68: 0.15 | AF68: 1.09 | AG68: 2.2 | AH68: 0.68 | AI68: 1.63 | AJ68: 0 | AK68: 0 | AL68: 0 | AM68: 0 | AN68: 0 | AO68: 0 | AP68: F9-2->F9 | AQ68: 0 | AR68: 0.6 | AU68: 25 | AV68: 1.4 | AW68: x | AX68: 1.4 | AY68: 23.6 | AZ68: 0.12 | BB68: 1.32 | BC68: 7.47 | BD68: 0 | BF68: 36.28 | BG68: 9.61 | BH68: 1.095 | BI68: 0 | BJ68: 2.15 | BK68: 0 | BL68: 17.05 | BN68: F9-2->F9 | BO68: F9-2 | BP68: 0.6 | BQ68: PA-2 | BR68: 25 | BS68: 0.885 | BT68: 0.855
A69: F9->F10 | D69: 0.6 | G69: PA-2 | H69: 5 | I69: 1 | J69: 5 | K69: 1.645 | L69: 1.06 | M69: 1.35 | N69: 0.06 | O69: 0.12 | P69: 1.53 | Q69: 1.32 | R69: 0 | S69: 9.9 | T69: 0.2 | U69: 0 | V69: 0 | W69: 20.3 | X69: 0 | Y69: F9 | Z69: 1.2 | AA69: x | AB69: 1.2 | AC69: 1.645 | AD69: 0.06 | AE69: 0.15 | AF69: 1.85 | AG69: 2.2 | AH69: 0.68 | AI69: 0 | AJ69: 2.24 | AK69: 0.52 | AL69: 0 | AM69: 0 | AN69: 12.78 | AO69: 0 | AP69: F9->F10 | AQ69: 0 | AR69: 0.6 | AU69: 5 | AV69: 1.4 | AW69: x | AX69: 1.4 | AY69: 3.6 | AZ69: 0.12 | BB69: 1.32 | BC69: 1.14 | BD69: 0 | BF69: 12.86 | BG69: 1.47 | BH69: 1.855 | BI69: 0 | BJ69: 3.64 | BK69: 0 | BL69: 6.61 | BN69: F9->F10 | BO69: F9 | BP69: 0.6 | BQ69: PA-2 | BR69: 5 | BS69: 1.645 | BT69: 1.06
A70: F10->F11 | D70: 0.6 | G70: PA-2 | H70: 10 | I70: 1 | J70: 10 | K70: 3.865 | L70: 1.06 | M70: 2.46 | N70: 0.06 | O70: 0.12 | P70: 2.64 | Q70: 1.42 | R70: 0 | S70: 21.3 | T70: 16.19 | U70: 0 | V70: 0 | W70: 62.8 | X70: 0 | Y70: F10 | Z70: 1.2 | AA70: x | AB70: 1.2 | AC70: 3.865 | AD70: 0.06 | AE70: 0.15 | AF70: 4.07 | AG70: 2.4 | AH70: 0.68 | AI70: 0 | AJ70: 2.45 | AK70: 2.45 | AL70: 1.75 | AM70: 0 | AN70: 0 | AO70: 24.86 | AP70: F10->F11 | AQ70: 0 | AR70: 0.6 | AU70: 10 | AV70: 1.4 | AW70: x | AX70: 1.4 | AY70: 8.6 | AZ70: 0.12 | BB70: 1.42 | BC70: 2.98 | BD70: 0 | BF70: 44.14 | BG70: 3.5 | BH70: 3.275 | BI70: 0.85 | BJ70: 6.42 | BK70: 0.54 | BL70: 30.7 | BN70: F10->F11 | BO70: F10 | BP70: 0.6 | BQ70: PA-2 | BR70: 10 | BS70: 3.865 | BT70: 1.06
... A75: F15->F16 | D75: 0.6 | G75: PA-2 | H75: 14.986185 | I75: 1 | J75: 14.986185 | K75: 2.18 | L75: 0.81 | M75: 1.49 | N75: 0.06 | O75: 0.12 | P75: 1.67 | Q75: 1.32 | R75: 0 | S75: 29.67 | T75: 3.36 | U75: 0 | V75: 0 | W75: 65.04 | X75: 0 | Y75: F15 | Z75: 1.2 | AA75: x | AB75: 1.2 | AC75: 2.18 | AD75: 0.06 | AE75: 0.15 | AF75: 2.39 | AG75: 2.3 | AH75: 0.68 | AI75: 0 | AJ75: 2.35 | AK75: 1.39 | AL75: 0 | AM75: 0 | AN75: 15.72 | AO75: 0 | AP75: F15->F16 | AQ75: 0 | AR75: 0.6 | AU75: 14.986185 | AV75: 1.4 | AW75: x | AX75: 1.4 | AY75: 13.586185 | AZ75: 0.12 | BB75: 1.32 | BC75: 4.3 | BD75: 0 | BF75: 36.77 | BG75: 5.53 | BH75: 2.35 | BI75: 0.09 | BJ75: 4.61 | BK75: 0.06 | BL75: 22.27 | BN75: F15->F16 | BO75: F15 | BP75: 0.6 | BQ75: PA-2 | BR75: 14.986185 | BS75: 2.18 | BT75: 0.81
A77: BACIA G | Y77: BACIA G | AP77: BACIA G
A79: G1->G2 | D79: 0.4 | G79: PA-1 | H79: 39.674055 | I79: 1 | J79: 39.674055 | K79: 1 | L79: 1.0242201 | M79: 1.01 | N79: 0.04 | O79: 0.1 | P79: 1.15 | Q79: 1.08 | R79: 49.28 | S79: 0 | T79: 0 | U79: 0 | V79: 0 | W79: 0 | X79: 0 | Y79: G1 | Z79: 1.2 | AA79: x | AB79: 1.2 | AC79: 1 | AD79: 0.04 | AE79: 0.15 | AF79: 1.19 | AG79: 2.2 | AH79: 0.92 | AI79: 2.41 | AJ79: 0 | AK79: 0 | AL79: 0 | AM79: 0 | AN79: 0 | AO79: 0 | AP79: G1->G2 | AQ79: 0 | AR79: 0.4 | AU79: 39.674055 | AV79: 1.4 | AW79: x | AX79: 1.4 | AY79: 38.274055 | AZ79: 0.1 | BB79: 1.08 | BC79: 7.74 | BD79: 0 | BF79: 51.69 | BG79: 6.93 | BH79: 1.19 | BI79: 0 | BJ79: 2.33 | BK79: 0 | BL79: 34.69 | BN79: G1->G2 | BO79: G1 | BP79: 0.4 | BQ79: PA-1 | BR79: 39.674055 | BS79: 1 | BT79: 1.0242201
A80: G2->G3 | D80: 0.4 | G80: PA-2 | H80: 30 | I80: 1 | J80: 30 | K80: 2.4676341 | L80: 0.85086413 | M80: 1.66 | N80: 0.04 | O80: 0.1 | P80: 1.8 | Q80: 1.08 | R80: 0 | S80: 48.6 | T80: 9.72 | U80: 0 | V80: 0 | W80: 138 | X80: 0 | Y80: G2 | Z80: 1.2 | AA80: x | AB80: 1.2 | AC80: 2.4676341 | AD80: 0.04 | AE80: 0.15 | AF80: 2.66 | AG80: 2.3 | AH80: 0.92 | AI80: 0 | AJ80: 3.17 | AK80: 2.45 | AL80: 0 | AM80: 0 | AN80: 23.26 | AO80: 0 | AP80: G2->G3 | AQ80: 0 | AR80: 0.4 | AU80: 30 | AV80: 1.4 | AW80: x | AX80: 1.4 | AY80: 28.6 | AZ80: 0.1 | BB80: 1.08 | BC80: 5.78 | BD80: 0 | BF80: 63.94 | BG80: 5.18 | BH80: 2.35 | BI80: 0.3576341 | BJ80: 4.61 | BK80: 0.23 | BL80: 48.14 | BN80: G2->G3 | BO80: G2 | BP80: 0.4 | BQ80: PA-2 | BR80: 30 | BS80: 2.4676341 | BT80: 0.85086413
A81: G3->G4 | D81: 0.4 | G81: PA-2 | H81: 20 | I81: 1 | J81: 20 | K81: 2.7258641 | L81: 0.85 | M81: 1.79 | N81: 0.04 | O81: 0.1 | P81: 1.93 | Q81: 1.08 | R81: 0 | S81: 32.4 | T81: 9.29 | U81: 0 | V81: 0 | W81: 97.2 | X81: 0 | Y81: G3 | Z81: 1.2 | AA81: x | AB81: 1.2 | AC81: 2.7258641 | AD81: 0.04 | AE81: 0.15 | AF81: 2.92 | AG81: 2.3 | AH81: 0.92 | AI81: 0 | AJ81: 3.17 | AK81: 3 | AL81: 0 | AM81: 0 | AN81: 25.17 | AO81: 0 | AP81: G3->G4 | AQ81: 0 | AR81: 0.4 | AU81: 20 | AV81: 1.4 | AW81: x | AX81: 1.4 | AY81: 18.6 | AZ81: 0.1 | BB81: 1.08 | BC81: 3.76 | BD81: 0 | BF81: 47.86 | BG81: 3.37 | BH81: 2.35 | BI81: 0.61586413 | BJ81: 4.61 | BK81: 0.39 | BL81: 35.73 | BN81: G3->G4 | BO81: G3 | BP81: 0.4 | BQ81: PA-2 | BR81: 20 | BS81: 2.7258641 | BT81: 0.85
A82: G4->G5 | D82: 0.4 | G82: PA-2 | H82: 20 | I82: 1 | J82: 20 | K82: 2.85 | L82: 0.85 | M82: 1.85 | N82: 0.04 | O82: 0.1 | P82: 1.99 | Q82: 1.08 | R82: 0 | S82: 32.4 | T82: 10.58 | U82: 0 | V82: 0 | W82: 99.6 | X82: 0 | Y82: G4 | Z82: 1.2 | AA82: x | AB82: 1.2 | AC82: 2.85 | AD82: 0.04 | AE82: 0.15 | AF82: 3.04 | AG82: 2.3 | AH82: 0.92 | AI82: 0 | AJ82: 3.17 | AK82: 3.17 | AL82: 0.08 | AM82: 0 | AN82: 26.05 | AO82: 0 | AP82: G4->G5 | AQ82: 0 | AR82: 0.4 | AU82: 20 | AV82: 1.4 | AW82: x | AX82: 1.4 | AY82: 18.6 | AZ82: 0.1 | BB82: 1.08 | BC82: 3.76 | BD82: 0 | BF82: 49.4 | BG82: 3.37 | BH82: 2.35 | BI82: 0.74 | BJ82: 4.61 | BK82: 0.47 | BL82: 37.19 | BN82: G4->G5 | BO82: G4 | BP82: 0.4 | BQ82: PA-2 | BR82: 20 | BS82: 2.85 | BT82: 0.85
A83: G5-1->G5 | D83: 0.4 | G83: PA-2 | H83: 14 | I83: 1 | J83: 14 | K83: 1.5 | L83: 0.85 | M83: 1.18 | N83: 0.04 | O83: 0.1 | P83: 1.32 | Q83: 1.08 | R83: 19.96 | S83: 0 | T83: 0 | U83: 0 | V83: 0 | W83: 0 | X83: 0 | Y83: G5-1 | Z83: 1.2 | AA83: x | AB83: 1.2 | AC83: 1.5 | AD83: 0.04 | AE83: 0.15 | AF83: 1.69 | AG83: 2.2 | AH83: 0.92 | AI83: 0 | AJ83: 3.04 | AK83: 0.38 | AL83: 0 | AM83: 0 | AN83: 16.12 | AO83: 0 | AP83: G5-1->G5 | AQ83: 0 | AR83: 0.4 | AU83: 14 | AV83: 1.4 | AW83: x | AX83: 1.4 | AY83: 12.6 | AZ83: 0.1 | BB83: 1.08 | BC83: 2.55 | BD83: 0 | BF83: 23.38 | BG83: 2.28 | BH83: 1.69 | BI83: 0 | BJ83: 3.31 | BK83: 0 | BL83: 15.24 | BN83: G5-1->G5 | BO83: G5-1 | BP83: 0.4 | BQ83: PA-2 | BR83: 14 | BS83: 1.5 | BT83: 0.85
A84: G5->G6 | D84: 0.4 | G84: PA-2 | H84: 33 | I84: 1 | J84: 33 | K84: 1.4798946 | L84: 1.0032238 | M84: 1.24 | N84: 0.04 | O84: 0.1 | P84: 1.38 | Q84: 1.08 | R84: 49.18 | S84: 0 | T84: 0 | U84: 0 | V84: 0 | W84: 0 | X84: 0 | Y84: G5 | Z84: 1.2 | AA84: x | AB84: 1.2 | AC84: 1.4798946 | AD84: 0.04 | AE84: 0.15 | AF84: 1.67 | AG84: 2.2 | AH84: 0.92 | AI84: 0 | AJ84: 3.04 | AK84: 0.34 | AL84: 0 | AM84: 0 | AN84: 15.97 | AO84: 0 | AP84: G5->G6 | AQ84: 0 | AR84: 0.4 | AU84: 33 | AV84: 1.4 | AW84: x | AX84: 1.4 | AY84: 31.6 | AZ84: 0.1 | BB84: 1.08 | BC84: 6.39 | BD84: 0 | BF84: 52.56 | BG84: 5.72 | BH84: 1.6698946 | BI84: 0 | BJ84: 3.27 | BK84: 0 | BL84: 37.18 | BN84: G5->G6 | BO84: G5 | BP84: 0.4 | BQ84: PA-2 | BR84: 33 | BS84: 1.4798946 | BT84: 1.0032238
A85: G6->G7 | D85: 0.4 | G85: PA-1 | H85: 33.331899 | I85: 1 | J85: 33.331899 | K85: 1.6882238 | L85: 1.0782223 | M85: 1.38 | N85: 0.04 | O85: 0.1 | P85: 1.52 | Q85: 1.08 | R85: 0 | S85: 54 | T85: 0.72 | U85: 0 | V85: 0 | W85: 134.66 | X85: 0 | Y85: G6 | Z85: 1.2 | AA85: x | AB85: 1.2 | AC85: 1.6882238 | AD85: 0.04 | AE85: 0.15 | AF85: 1.88 | AG85: 2.2 | AH85: 0.92 | AI85: 0 | AJ85: 3.04 | AK85: 0.77 | AL85: 0 | AM85: 0 | AN85: 17.52 | AO85: 0 | AP85: G6->G7 | AQ85: 0 | AR85: 0.4 | AU85: 33.331899 | AV85: 1.4 | AW85: x | AX85: 1.4 | AY85: 31.931899 | AZ85: 0.1 | BB85: 1.08 | BC85: 6.46 | BD85: 0 | BF85: 58.53 | BG85: 5.78 | BH85: 1.8782238 | BI85: 0 | BJ85: 3.68 | BK85: 0 | BL85: 42.61 | BN85: G6->G7 | BO85: G6 | BP85: 0.4 | BQ85: PA-1 | BR85: 33.331899 | BS85: 1.6882238 | BT85: 1.0782223
A86: G7-1->G7-2 | D86: 0.4 | G86: PA-1 | H86: 22 | I86: 1 | J86: 22 | K86: 1.9181777 | L86: 1 | M86: 1.46 | N86: 0.04 | O86: 0.1 | P86: 1.6 | Q86: 1.08 | R86: 0 | S86: 35.64 | T86: 2.38 | U86: 0 | V86: 0 | W86: 92.4 | X86: 0 | Y86: G7-1 | Z86: 1.2 | AA86: x | AB86: 1.2 | AC86: 1.9181777 | AD86: 0.04 | AE86: 0.15 | AF86: 2.11 | AG86: 2.2 | AH86: 0.92 | AI86: 0 | AJ86: 3.04 | AK86: 1.23 | AL86: 0 | AM86: 0 | AN86: 19.21 | AO86: 0 | AP86: G7-1->G7-2 | AQ86: 0 | AR86: 0.4 | AU86: 22 | AV86: 1.4 | AW86: x | AX86: 1.4 | AY86: 20.6 | AZ86: 0.1 | BB86: 1.08 | BC86: 4.17 | BD86: 0 | BF86: 42.29 | BG86: 3.73 | BH86: 2.1081777 | BI86: 0 | BJ86: 4.13 | BK86: 0 | BL86: 30.26 | BN86: G7-1->G7-2 | BO86: G7-1 | BP86: 0.4 | BQ86: PA-1 | BR86: 22 | BS86: 1.9181777 | BT86: 1
A87: G7-2->G7-3 | D87: 0.4 | G87: PA-1 | H87: 33 | I87: 1 | J87: 33 | K87: 1.5834184 | L87: 1.030234 | M87: 1.31 | N87: 0.04 | O87: 0.1 | P87: 1.45 | Q87: 1.08 | R87: 51.68 | S87: 0 | T87: 0 | U87: 0 | V87: 0 | W87: 0 | X87: 0 | Y87: G7-2 | Z87: 1.2 | AA87: x | AB87: 1.2 | AC87: 1.5834184 | AD87: 0.04 | AE87: 0.15 | AF87: 1.77 | AG87: 2.2 | AH87: 0.92 | AI87: 0 | AJ87: 3.04 | AK87: 0.55 | AL87: 0 | AM87: 0 | AN87: 16.71 | AO87: 0 | AP87: G7-2->G7-3 | AQ87: 0 | AR87: 0.4 | AU87: 33 | AV87: 1.4 | AW87: x | AX87: 1.4 | AY87: 31.6 | AZ87: 0.1 | BB87: 1.08 | BC87: 6.39 | BD87: 0 | BF87: 55.27 | BG87: 5.72 | BH87: 1.7734184 | BI87: 0 | BJ87: 3.48 | BK87: 0 | BL87: 39.68 | BN87: G7-2->G7-3 | BO87: G7-2 | BP87: 0.4 | BQ87: PA-1 | BR87: 33 | BS87: 1.5834184 | BT87: 1.030234
A88: G7-3->G7-4 | D88: 0.4 | G88: PA-1 | H88: 33 | I88: 1 | J88: 33 | K88: 1.9411285 | L88: 1.01 | M88: 1.48 | N88: 0.04 | O88: 0.1 | P88: 1.62 | Q88: 1.08 | R88: 0 | S88: 53.46 | T88: 4.28 | U88: 0 | V88: 0 | W88: 139.92 | X88: 0 | Y88: G7-3 | Z88: 1.2 | AA88: x | AB88: 1.2 | AC88: 1.9411285 | AD88: 0.04 | AE88: 0.15 | AF88: 2.13 | AG88: 2.2 | AH88: 0.92 | AI88: 0 | AJ88: 3.04 | AK88: 1.28 | AL88: 0 | AM88: 0 | AN88: 19.36 | AO88: 0 | AP88: G7-3->G7-4 | AQ88: 0 | AR88: 0.4 | AU88: 33 | AV88: 1.4 | AW88: x | AX88: 1.4 | AY88: 31.6 | AZ88: 0.1 | BB88: 1.08 | BC88: 6.39 | BD88: 0 | BF88: 62.06 | BG88: 5.72 | BH88: 2.1311285 | BI88: 0 | BJ88: 4.18 | BK88: 0 | BL88: 45.77 | BN88: G7-3->G7-4 | BO88: G7-3 | BP88: 0.4 | BQ88: PA-1 | BR88: 33 | BS88: 1.9411285 | BT88: 1.01
A89: G7-4->G7-5 | D89: 0.4 | G89: PA-1 | H89: 25 | I89: 1 | J89: 25 | K89: 1.5445302 | L89: 1 | M89: 1.27 | N89: 0.04 | O89: 0.1 | P89: 1.41 | Q89: 1.08 | R89: 38.07 | S89: 0 | T89: 0 | U89: 0 | V89: 0 | W89: 0 | X89: 0 | Y89: G7-4 | Z89: 1.2 | AA89: x | AB89: 1.2 | AC89: 1.5445302 | AD89: 0.04 | AE89: 0.15 | AF89: 1.73 | AG89: 2.2 | AH89: 0.92 | AI89: 0 | AJ89: 3.04 | AK89: 0.47 | AL89: 0 | AM89: 0 | AN89: 16.41 | AO89: 0 | AP89: G7-4->G7-5 | AQ89: 0 | AR89: 0.4 | AU89: 25 | AV89: 1.4 | AW89: x | AX89: 1.4 | AY89: 23.6 | AZ89: 0.1 | BB89: 1.08 | BC89: 4.77 | BD89: 0 | BF89: 41.58 | BG89: 4.27 | BH89: 1.7345302 | BI89: 0 | BJ89: 3.4 | BK89: 0 | BL89: 29.14 | BN89: G7-4->G7-5 | BO89: G7-4 | BP89: 0.4 | BQ89: PA-1 | BR89: 25 | BS89: 1.5445302 | BT89: 1
A90: G7-5->G7 | D90: 0.4 | G90: PA-2 | H90: 25 | I90: 1 | J90: 25 | K90: 2.2643192 | L90: 0.8691308 | M90: 1.57 | N90: 0.04 | O90: 0.1 | P90: 1.71 | Q90: 1.08 | R90: 0 | S90: 40.5 | T90: 5.67 | U90: 0 | V90: 0 | W90: 110.5 | X90: 0 | Y90: G7-5 | Z90: 1.2 | AA90: x | AB90: 1.2 | AC90: 2.2643192 | AD90: 0.04 | AE90: 0.15 | AF90: 2.45 | AG90: 2.3 | AH90: 0.92 | AI90: 0 | AJ90: 3.17 | AK90: 2.01 | AL90: 0 | AM90: 0 | AN90: 21.71 | AO90: 0 | AP90: G7-5->G7 | AQ90: 0 | AR90: 0.4 | AU90: 25 | AV90: 1.4 | AW90: x | AX90: 1.4 | AY90: 23.6 | AZ90: 0.1 | BB90: 1.08 | BC90: 4.77 | BD90: 0 | BF90: 51.35 | BG90: 4.27 | BH90: 2.35 | BI90: 0.15431922 | BJ90: 4.61 | BK90: 0.1 | BL90: 37.6 | BN90: G7-5->G7 | BO90: G7-5 | BP90: 0.4 | BQ90: PA-2 | BR90: 25 | BS90: 2.2643192 | BT90: 0.8691308
... A93: G7->G8 | D93: 0.6 | G93: PA-2 | H93: 6 | I93: 1 | J93: 6 | K93: 1.2982223 | L93: 1 | M93: 1.15 | N93: 0.06 | O93: 0.12 | P93: 1.33 | Q93: 1.32 | R93: 10.53 | S93: 0 | T93: 0 | U93: 0 | V93: 0 | W93: 0 | X93: 0 | Y93: G7 | Z93: 1.2 | AA93: x | AB93: 1.2 | AC93: 1.2982223 | AD93: 0.06 | AE93: 0.15 | AF93: 1.51 | AG93: 2.2 | AH93: 0.68 | AI93: 0 | AJ93: 2.24 | AK93: 0.01 | AL93: 0 | AM93: 0 | AN93: 10.93 | AO93: 0 | AP93: G7->G8 | AQ93: 0 | AR93: 0.6 | AU93: 6 | AV93: 1.4 | AW93: x | AX93: 1.4 | AY93: 4.6 | AZ93: 0.12 | BB93: 1.32 | BC93: 1.46 | BD93: 0 | BF93: 12.78 | BG93: 1.87 | BH93: 1.5082223 | BI93: 0 | BJ93: 2.96 | BK93: 0 | BL93: 6.49 | BN93: G7->G8 | BO93: G7 | BP93: 0.6 | BQ93: PA-2 | BR93: 6 | BS93: 1.2982223 | BT93: 1
A95: BACIA H | Y95: BACIA H | AP95: BACIA H
A97: H1->H2 | D97: 0.4 | G97: PA-1 | H97: 37 | I97: 1 | J97: 37 | K97: 1 | L97: 1 | M97: 1 | N97: 0.04 | O97: 0.1 | P97: 1.14 | Q97: 1.08 | R97: 45.55 | S97: 0 | T97: 0 | U97: 0 | V97: 0 | W97: 0 | X97: 0 | Y97: H1 | Z97: 1.2 | AA97: x | AB97: 1.2 | AC97: 1 | AD97: 0.04 | AE97: 0.15 | AF97: 1.19 | AG97: 2.2 | AH97: 0.92 | AI97: 2.41 | AJ97: 0 | AK97: 0 | AL97: 0 | AM97: 0 | AN97: 0 | AO97: 0 | AP97: H1->H2 | AQ97: 0 | AR97: 0.4 | AU97: 37 | AV97: 1.4 | AW97: x | AX97: 1.4 | AY97: 35.6 | AZ97: 0.1 | BB97: 1.08 | BC97: 7.2 | BD97: 0 | BF97: 47.96 | BG97: 6.44 | BH97: 1.19 | BI97: 0 | BJ97: 2.33 | BK97: 0 | BL97: 31.99 | BN97: H1->H2 | BO97: H1 | BP97: 0.4 | BQ97: PA-1 | BR97: 37 | BS97: 1 | BT97: 1
A98: H2->H3 | D98: 0.4 | G98: PA-2 | H98: 37 | I98: 1 | J98: 37 | K98: 1 | L98: 1 | M98: 1 | N98: 0.04 | O98: 0.1 | P98: 1.14 | Q98: 1.08 | R98: 45.55 | S98: 0 | T98: 0 | U98: 0 | V98: 0 | W98: 0 | X98: 0 | Y98: H2 | Z98: 1.2 | AA98: x | AB98: 1.2 | AC98: 1 | AD98: 0.04 | AE98: 0.15 | AF98: 1.19 | AG98: 2.2 | AH98: 0.92 | AI98: 2.41 | AJ98: 0 | AK98: 0 | AL98: 0 | AM98: 0 | AN98: 0 | AO98: 0 | AP98: H2->H3 | AQ98: 0 | AR98: 0.4 | AU98: 37 | AV98: 1.4 | AW98: x | AX98: 1.4 | AY98: 35.6 | AZ98: 0.1 | BB98: 1.08 | BC98: 7.2 | BD98: 0 | BF98: 47.96 | BG98: 6.44 | BH98: 1.19 | BI98: 0 | BJ98: 2.33 | BK98: 0 | BL98: 31.99 | BN98: H2->H3 | BO98: H2 | BP98: 0.4 | BQ98: PA-2 | BR98: 37 | BS98: 1 | BT98: 1
A99: H3->H4 | D99: 0.4 | G99: PA-2 | H99: 36 | I99: 1 | J99: 36 | K99: 1 | L99: 1 | M99: 1 | N99: 0.04 | O99: 0.1 | P99: 1.14 | Q99: 1.08 | R99: 44.32 | S99: 0 | T99: 0 | U99: 0 | V99: 0 | W99: 0 | X99: 0 | Y99: H3 | Z99: 1.2 | AA99: x | AB99: 1.2 | AC99: 1 | AD99: 0.04 | AE99: 0.15 | AF99: 1.19 | AG99: 2.2 | AH99: 0.92 | AI99: 2.41 | AJ99: 0 | AK99: 0 | AL99: 0 | AM99: 0 | AN99: 0 | AO99: 0 | AP99: H3->H4 | AQ99: 0 | AR99: 0.4 | AU99: 36 | AV99: 1.4 | AW99: x | AX99: 1.4 | AY99: 34.6 | AZ99: 0.1 | BB99: 1.08 | BC99: 7 | BD99: 0 | BF99: 46.73 | BG99: 6.26 | BH99: 1.19 | BI99: 0 | BJ99: 2.33 | BK99: 0 | BL99: 31.14 | BN99: H3->H4 | BO99: H3 | BP99: 0.4 | BQ99: PA-2 | BR99: 36 | BS99: 1 | BT99: 1
A100: H4->H5 | D100: 0.4 | G100: PA-2 | H100: 39 | I100: 1 | J100: 39 | K100: 1 | L100: 1.7 | M100: 1.35 | N100: 0.04 | O100: 0.1 | P100: 1.49 | Q100: 1.08 | R100: 62.76 | S100: 0 | T100: 0 | U100: 0 | V100: 0 | W100: 0 | X100: 0 | Y100: H4 | Z100: 1.2 | AA100: x | AB100: 1.2 | AC100: 1 | AD100: 0.04 | AE100: 0.15 | AF100: 1.19 | AG100: 2.2 | AH100: 0.92 | AI100: 2.41 | AJ100: 0 | AK100: 0 | AL100: 0 | AM100: 0 | AN100: 0 | AO100: 0 | AP100: H4->H5 | AQ100: 0 | AR100: 0.4 | AU100: 39 | AV100: 1.4 | AW100: x | AX100: 1.4 | AY100: 37.6 | AZ100: 0.1 | BB100: 1.08 | BC100: 7.6 | BD100: 0 | BF100: 65.17 | BG100: 6.8 | BH100: 1.19 | BI100: 0 | BJ100: 2.33 | BK100: 0 | BL100: 48.44 | BN100: H4->H5 | BO100: H4 | BP100: 0.4 | BQ100: PA-2 | BR100: 39 | BS100: 1 | BT100: 1.7
A101: H5->H6 | D101: 0.4 | G101: PA-2 | H101: 39.198439 | I101: 1 | J101: 39.198439 | K101: 1.9 | L101: 2.3 | M101: 2.1 | N101: 0.04 | O101: 0.1 | P101: 2.24 | Q101: 1.18 | R101: 0 | S101: 69.38 | T101: 34.23 | U101: 0 | V101: 0 | W101: 214.81 | X101: 0 | Y101: H5 | Z101: 1.2 | AA101: x | AB101: 1.2 | AC101: 1.9 | AD101: 0.04 | AE101: 0.15 | AF101: 2.09 | AG101: 2.2 | AH101: 0.92 | AI101: 0 | AJ101: 3.04 | AK101: 1.19 | AL101: 0 | AM101: 0 | AN101: 19.06 | AO101: 0 | AP101: H5->H6 | AQ101: 0 | AR101: 0.4 | AU101: 39.198439 | AV101: 1.4 | AW101: x | AX101: 1.4 | AY101: 37.798439 | AZ101: 0.1 | BB101: 1.18 | BC101: 8.47 | BD101: 0 | BF101: 107.84 | BG101: 6.84 | BH101: 2.09 | BI101: 0 | BJ101: 4.1 | BK101: 0 | BL101: 88.43 | BN101: H5->H6 | BO101: H5 | BP101: 0.4 | BQ101: PA-2 | BR101: 39.198439 | BS101: 1.9 | BT101: 2.3
A102: H6-1->H6-2 | D102: 0.4 | G102: PA-1 | H102: 37 | I102: 1 | J102: 37 | K102: 1 | L102: 1 | M102: 1 | N102: 0.04 | O102: 0.1 | P102: 1.14 | Q102: 1.08 | R102: 45.55 | S102: 0 | T102: 0 | U102: 0 | V102: 0 | W102: 0 | X102: 0 | Y102: H6 | Z102: 1.2 | AA102: x | AB102: 1.2 | AC102: 1 | AD102: 0.04 | AE102: 0.15 | AF102: 1.19 | AG102: 2.2 | AH102: 0.92 | AI102: 2.41 | AJ102: 0 | AK102: 0 | AL102: 0 | AM102: 0 | AN102: 0 | AO102: 0 | AP102: H6-1->H6-2 | AQ102: 0 | AR102: 0.4 | AU102: 37 | AV102: 1.4 | AW102: x | AX102: 1.4 | AY102: 35.6 | AZ102: 0.1 | BB102: 1.08 | BC102: 7.2 | BD102: 0 | BF102: 47.96 | BG102: 6.44 | BH102: 1.19 | BI102: 0 | BJ102: 2.33 | BK102: 0 | BL102: 31.99 | BN102: H6-1->H6-2 | BO102: H6 | BP102: 0.4 | BQ102: PA-1 | BR102: 37 | BS102: 1 | BT102: 1
A103: H6-2->H6-3 | D103: 0.4 | G103: PA-1 | H103: 37 | I103: 1 | J103: 37 | K103: 1 | L103: 1 | M103: 1 | N103: 0.04 | O103: 0.1 | P103: 1.14 | Q103: 1.08 | R103: 45.55 | S103: 0 | T103: 0 | U103: 0 | V103: 0 | W103: 0 | X103: 0 | Y103: H6 | Z103: 1.2 | AA103: x | AB103: 1.2 | AC103: 1 | AD103: 0.04 | AE103: 0.15 | AF103: 1.19 | AG103: 2.2 | AH103: 0.92 | AI103: 2.41 | AJ103: 0 | AK103: 0 | AL103: 0 | AM103: 0 | AN103: 0 | AO103: 0 | AP103: H6-2->H6-3 | AQ103: 0 | AR103: 0.4 | AU103: 37 | AV103: 1.4 | AW103: x | AX103: 1.4 | AY103: 35.6 | AZ103: 0.1 | BB103: 1.08 | BC103: 7.2 | BD103: 0 | BF103: 47.96 | BG103: 6.44 | BH103: 1.19 | BI103: 0 | BJ103: 2.33 | BK103: 0 | BL103: 31.99 | BN103: H6-2->H6-3 | BO103: H6 | BP103: 0.4 | BQ103: PA-1 | BR103: 37 | BS103: 1 | BT103: 1
A104: H6-3->H6 | D104: 0.4 | G104: PA-1 | H104: 37.293557 | I104: 1 | J104: 37.293557 | K104: 1 | L104: 2.1 | M104: 1.55 | N104: 0.04 | O104: 0.1 | P104: 1.69 | Q104: 1.08 | R104: 0 | S104: 60.42 | T104: 7.65 | U104: 0 | V104: 0 | W104: 163.35 | X104: 0 | Y104: H6 | Z104: 1.2 | AA104: x | AB104: 1.2 | AC104: 1 | AD104: 0.04 | AE104: 0.15 | AF104: 1.19 | AG104: 2.2 | AH104: 0.92 | AI104: 2.41 | AJ104: 0 | AK104: 0 | AL104: 0 | AM104: 0 | AN104: 0 | AO104: 0 | AP104: H6-3->H6 | AQ104: 0 | AR104: 0.4 | AU104: 37.293557 | AV104: 1.4 | AW104: x | AX104: 1.4 | AY104: 35.893557 | AZ104: 0.1 | BB104: 1.08 | BC104: 7.26 | BD104: 0 | BF104: 70.48 | BG104: 6.5 | BH104: 1.19 | BI104: 0 | BJ104: 2.33 | BK104: 0 | BL104: 54.39 | BN104: H6-3->H6 | BO104: H6 | BP104: 0.4 | BQ104: PA-1 | BR104: 37.293557 | BS104: 1 | BT104: 2.1
A105: H6-4->H6 | D105: 0.4 | G105: PA-1 | H105: 40 | I105: 1 | J105: 40 | K105: 1 | L105: 1 | M105: 1 | N105: 0.04 | O105: 0.1 | P105: 1.14 | Q105: 1.08 | R105: 49.25 | S105: 0 | T105: 0 | U105: 0 | V105: 0 | W105: 0 | X105: 0 | Y105: H6 | Z105: 1.2 | AA105: x | AB105: 1.2 | AC105: 1 | AD105: 0.04 | AE105: 0.15 | AF105: 1.19 | AG105: 2.2 | AH105: 0.92 | AI105: 2.41 | AJ105: 0 | AK105: 0 | AL105: 0 | AM105: 0 | AN105: 0 | AO105: 0 | AP105: H6-4->H6 | AQ105: 0 | AR105: 0.4 | AU105: 40 | AV105: 1.4 | AW105: x | AX105: 1.4 | AY105: 38.6 | AZ105: 0.1 | BB105: 1.08 | BC105: 7.8 | BD105: 0 | BF105: 51.66 | BG105: 6.98 | BH105: 1.19 | BI105: 0 | BJ105: 2.33 | BK105: 0 | BL105: 34.55 | BN105: H6-4->H6 | BO105: H6 | BP105: 0.4 | BQ105: PA-1 | BR105: 40 | BS105: 1 | BT105: 1
A106: H6->H7 | D106: 0.4 | G106: PA-1 | H106: 40 | I106: 1 | J106: 40 | K106: 2.3 | L106: 1 | M106: 1.65 | N106: 0.04 | O106: 0.1 | P106: 1.79 | Q106: 1.08 | R106: 0 | S106: 64.8 | T106: 12.53 | U106: 0 | V106: 0 | W106: 183.2 | X106: 0 | Y106: H6 | Z106: 1.2 | AA106: x | AB106: 1.2 | AC106: 2.3 | AD106: 0.04 | AE106: 0.15 | AF106: 2.49 | AG106: 2.3 | AH106: 0.92 | AI106: 0 | AJ106: 3.17 | AK106: 2.09 | AL106: 0 | AM106: 0 | AN106: 22.01 | AO106: 0 | AP106: H6->H7 | AQ106: 0 | AR106: 0.4 | AU106: 40 | AV106: 1.4 | AW106: x | AX106: 1.4 | AY106: 38.6 | AZ106: 0.1 | BB106: 1.08 | BC106: 7.8 | BD106: 0 | BF106: 82.59 | BG106: 6.98 | BH106: 2.35 | BI106: 0.19 | BJ106: 4.61 | BK106: 0.12 | BL106: 63.08 | BN106: H6->H7 | BO106: H6 | BP106: 0.4 | BQ106: PA-1 | BR106: 40 | BS106: 2.3 | BT106: 1
A107: H7->H8 | D107: 0.4 | G107: PA-1 | H107: 40 | I107: 1 | J107: 40 | K107: 3.1 | L107: 1.8 | M107: 2.45 | N107: 0.04 | O107: 0.1 | P107: 2.59 | Q107: 1.18 | R107: 0 | S107: 70.8 | T107: 51.45 | U107: 0 | V107: 0 | W107: 247.2 | X107: 0 | Y107: H7 | Z107: 1.2 | AA107: x | AB107: 1.2 | AC107: 3.1 | AD107: 0.04 | AE107: 0.15 | AF107: 3.29 | AG107: 2.4 | AH107: 0.92 | AI107: 0 | AJ107: 3.31 | AK107: 3.31 | AL107: 0.64 | AM107: 0 | AN107: 27.89 | AO107: 0 | AP107: H7->H8 | AQ107: 0 | AR107: 0.4 | AU107: 40 | AV107: 1.4 | AW107: x | AX107: 1.4 | AY107: 38.6 | AZ107: 0.1 | BB107: 1.18 | BC107: 8.65 | BD107: 0 | BF107: 129.51 | BG107: 6.98 | BH107: 2.49 | BI107: 0.85 | BJ107: 4.88 | BK107: 0.54 | BL107: 108.46 | BN107: H7->H8 | BO107: H7 | BP107: 0.4 | BQ107: PA-1 | BR107: 40 | BS107: 3.1 | BT107: 1.8
A108: H8->H9 | D108: 0.4 | G108: PA-2 | H108: 25 | I108: 1 | J108: 25 | K108: 4.7 | L108: 1 | M108: 2.85 | N108: 0.04 | O108: 0.1 | P108: 2.99 | Q108: 1.18 | R108: 0 | S108: 44.25 | T108: 43.96 | U108: 0 | V108: 0 | W108: 174.5 | X108: 0 | Y108: H8 | Z108: 1.2 | AA108: x | AB108: 1.2 | AC108: 4.7 | AD108: 0.04 | AE108: 0.15 | AF108: 4.89 | AG108: 2.5 | AH108: 0.92 | AI108: 0 | AJ108: 3.45 | AK108: 3.45 | AL108: 3.45 | AM108: 0.9 | AN108: 0 | AO108: 39.67 | AP108: H8->H9 | AQ108: 0 | AR108: 0.4 | AU108: 25 | AV108: 1.4 | AW108: x | AX108: 1.4 | AY108: 23.6 | AZ108: 0.1 | BB108: 1.18 | BC108: 5.29 | BD108: 0 | BF108: 99.46 | BG108: 4.27 | BH108: 4.09 | BI108: 0.85 | BJ108: 8.02 | BK108: 0.54 | BL108: 81.34 | BN108: H8->H9 | BO108: H8 | BP108: 0.4 | BQ108: PA-2 | BR108: 25 | BS108: 4.7 | BT108: 1
... A111: H11->H12 | D111: 0.6 | G111: PA-2 | H111: 6 | I111: 1 | J111: 6 | K111: 1 | L111: 1 | M111: 1 | N111: 0.06 | O111: 0.12 | P111: 1.18 | Q111: 1.32 | R111: 9.35 | S111: 0 | T111: 0 | U111: 0 | V111: 0 | W111: 0 | X111: 0 | Y111: H11 | Z111: 1.2 | AA111: x | AB111: 1.2 | AC111: 1 | AD111: 0.06 | AE111: 0.15 | AF111: 1.21 | AG111: 2.2 | AH111: 0.68 | AI111: 1.81 | AJ111: 0 | AK111: 0 | AL111: 0 | AM111: 0 | AN111: 0 | AO111: 0 | AP111: H11->H12 | AQ111: 0 | AR111: 0.6 | AU111: 6 | AV111: 1.4 | AW111: x | AX111: 1.4 | AY111: 4.6 | AZ111: 0.12 | BB111: 1.32 | BC111: 1.46 | BD111: 0 | BF111: 11.16 | BG111: 1.87 | BH111: 1.21 | BI111: 0 | BJ111: 2.37 | BK111: 0 | BL111: 5.46 | BN111: H11->H12 | BO111: H11 | BP111: 0.6 | BQ111: PA-2 | BR111: 6 | BS111: 1 | BT111: 1
A113: BACIA I | Y113: BACIA I | AP113: BACIA I
A115: I1->I2 | D115: 0.4 | G115: PA-1 | H115: 34.720588 | I115: 1 | J115: 34.720588 | K115: 2.405 | L115: 1.105 | M115: 1.76 | N115: 0.04 | O115: 0.1 | P115: 1.9 | Q115: 1.08 | R115: 0 | S115: 56.25 | T115: 15 | U115: 0 | V115: 0 | W115: 166.66 | X115: 0 | Y115: I1 | Z115: 1.2 | AA115: x | AB115: 1.2 | AC115: 2.405 | AD115: 0.04 | AE115: 0.15 | AF115: 2.6 | AG115: 2.3 | AH115: 0.92 | AI115: 0 | AJ115: 3.17 | AK115: 2.33 | AL115: 0 | AM115: 0 | AN115: 22.82 | AO115: 0 | AP115: I1->I2 | AQ115: 0 | AR115: 0.4 | AU115: 34.720588 | AV115: 1.4 | AW115: x | AX115: 1.4 | AY115: 33.320588 | AZ115: 0.1 | BB115: 1.08 | BC115: 6.74 | BD115: 0 | BF115: 76.75 | BG115: 6.03 | BH115: 2.35 | BI115: 0.295 | BJ115: 4.61 | BK115: 0.19 | BL115: 59.18 | BN115: I1->I2 | BO115: I1 | BP115: 0.4 | BQ115: PA-1 | BR115: 34.720588 | BS115: 2.405 | BT115: 1.105
A116: I2->I3 | D116: 0.4 | G116: PA-1 | H116: 34 | I116: 1 | J116: 34 | K116: 1.3 | L116: 1.1 | M116: 1.2 | N116: 0.04 | O116: 0.1 | P116: 1.34 | Q116: 1.08 | R116: 49.2 | S116: 0 | T116: 0 | U116: 0 | V116: 0 | W116: 0 | X116: 0 | Y116: I2 | Z116: 1.2 | AA116: x | AB116: 1.2 | AC116: 1.3 | AD116: 0.04 | AE116: 0.15 | AF116: 1.49 | AG116: 2.2 | AH116: 0.92 | AI116: 3.02 | AJ116: 0 | AK116: 0 | AL116: 0 | AM116: 0 | AN116: 0 | AO116: 0 | AP116: I2->I3 | AQ116: 0 | AR116: 0.4 | AU116: 34 | AV116: 1.4 | AW116: x | AX116: 1.4 | AY116: 32.6 | AZ116: 0.1 | BB116: 1.08 | BC116: 6.59 | BD116: 0 | BF116: 52.22 | BG116: 5.9 | BH116: 1.49 | BI116: 0 | BJ116: 2.92 | BK116: 0 | BL116: 36.81 | BN116: I2->I3 | BO116: I2 | BP116: 0.4 | BQ116: PA-1 | BR116: 34 | BS116: 1.3 | BT116: 1.1
A117: I3->I4 | D117: 0.4 | G117: PA-1 | H117: 36 | I117: 1 | J117: 36 | K117: 1.1 | L117: 1 | M117: 1.05 | N117: 0.04 | O117: 0.1 | P117: 1.19 | Q117: 1.08 | R117: 46.27 | S117: 0 | T117: 0 | U117: 0 | V117: 0 | W117: 0 | X117: 0 | Y117: I3 | Z117: 1.2 | AA117: x | AB117: 1.2 | AC117: 1.1 | AD117: 0.04 | AE117: 0.15 | AF117: 1.29 | AG117: 2.2 | AH117: 0.92 | AI117: 2.61 | AJ117: 0 | AK117: 0 | AL117: 0 | AM117: 0 | AN117: 0 | AO117: 0 | AP117: I3->I4 | AQ117: 0 | AR117: 0.4 | AU117: 36 | AV117: 1.4 | AW117: x | AX117: 1.4 | AY117: 34.6 | AZ117: 0.1 | BB117: 1.08 | BC117: 7 | BD117: 0 | BF117: 48.88 | BG117: 6.26 | BH117: 1.29 | BI117: 0 | BJ117: 2.53 | BK117: 0 | BL117: 33.09 | BN117: I3->I4 | BO117: I3 | BP117: 0.4 | BQ117: PA-1 | BR117: 36 | BS117: 1.1 | BT117: 1
A118: I4-1->I4 | D118: 0.4 | G118: PA-1 | H118: 32 | I118: 1 | J118: 32 | K118: 1.3 | L118: 1.3 | M118: 1.3 | N118: 0.04 | O118: 0.1 | P118: 1.44 | Q118: 1.08 | R118: 49.77 | S118: 0 | T118: 0 | U118: 0 | V118: 0 | W118: 0 | X118: 0 | Y118: I4 | Z118: 1.2 | AA118: x | AB118: 1.2 | AC118: 1.3 | AD118: 0.04 | AE118: 0.15 | AF118: 1.49 | AG118: 2.2 | AH118: 0.92 | AI118: 3.02 | AJ118: 0 | AK118: 0 | AL118: 0 | AM118: 0 | AN118: 0 | AO118: 0 | AP118: I4-1->I4 | AQ118: 0 | AR118: 0.4 | AU118: 32 | AV118: 1.4 | AW118: x | AX118: 1.4 | AY118: 30.6 | AZ118: 0.1 | BB118: 1.08 | BC118: 6.19 | BD118: 0 | BF118: 52.79 | BG118: 5.54 | BH118: 1.49 | BI118: 0 | BJ118: 2.92 | BK118: 0 | BL118: 38.14 | BN118: I4-1->I4 | BO118: I4 | BP118: 0.4 | BQ118: PA-1 | BR118: 32 | BS118: 1.3 | BT118: 1.3
A119: I4->I5 | D119: 0.6 | G119: PA-1 | H119: 18 | I119: 1 | J119: 18 | K119: 1.3 | L119: 1.3 | M119: 1.3 | N119: 0.06 | O119: 0.12 | P119: 1.48 | Q119: 1.32 | R119: 35.16 | S119: 0 | T119: 0 | U119: 0 | V119: 0 | W119: 0 | X119: 0 | Y119: I4 | Z119: 1.2 | AA119: x | AB119: 1.2 | AC119: 1.3 | AD119: 0.06 | AE119: 0.15 | AF119: 1.51 | AG119: 2.2 | AH119: 0.68 | AI119: 0 | AJ119: 2.24 | AK119: 0.01 | AL119: 0 | AM119: 0 | AN119: 10.93 | AO119: 0 | AP119: I4->I5 | AQ119: 0 | AR119: 0.6 | AU119: 18 | AV119: 1.4 | AW119: x | AX119: 1.4 | AY119: 16.6 | AZ119: 0.12 | BB119: 1.32 | BC119: 5.25 | BD119: 0 | BF119: 37.41 | BG119: 6.76 | BH119: 1.51 | BI119: 0 | BJ119: 2.96 | BK119: 0 | BL119: 22.44 | BN119: I4->I5 | BO119: I4 | BP119: 0.6 | BQ119: PA-1 | BR119: 18 | BS119: 1.3 | BT119: 1.3
A120: I5->I6 | D120: 0.6 | G120: PA-1 | H120: 12 | I120: 1 | J120: 12 | K120: 1.3 | L120: 1.3 | M120: 1.3 | N120: 0.06 | O120: 0.12 | P120: 1.48 | Q120: 1.32 | R120: 23.44 | S120: 0 | T120: 0 | U120: 0 | V120: 0 | W120: 0 | X120: 0 | Y120: I5 | Z120: 1.2 | AA120: x | AB120: 1.2 | AC120: 1.3 | AD120: 0.06 | AE120: 0.15 | AF120: 1.51 | AG120: 2.2 | AH120: 0.68 | AI120: 0 | AJ120: 2.24 | AK120: 0.01 | AL120: 0 | AM120: 0 | AN120: 10.93 | AO120: 0 | AP120: I5->I6 | AQ120: 0 | AR120: 0.6 | AU120: 12 | AV120: 1.4 | AW120: x | AX120: 1.4 | AY120: 10.6 | AZ120: 0.12 | BB120: 1.32 | BC120: 3.35 | BD120: 0 | BF120: 25.69 | BG120: 4.32 | BH120: 1.51 | BI120: 0 | BJ120: 2.96 | BK120: 0 | BL120: 15.06 | BN120: I5->I6 | BO120: I5 | BP120: 0.6 | BQ120: PA-1 | BR120: 12 | BS120: 1.3 | BT120: 1.3
A122: BACIA J | Y122: BACIA J | AP122: BACIA J
A124: J1->J2 | D124: 0.4 | G124: PA-2 | H124: 39.984181 | I124: 1 | J124: 39.984181 | K124: 2.67 | L124: 0.845 | M124: 1.76 | N124: 0.04 | O124: 0.1 | P124: 1.9 | Q124: 1.08 | R124: 0 | S124: 64.77 | T124: 17.27 | U124: 0 | V124: 0 | W124: 191.92 | X124: 0 | Y124: J1 | Z124: 1.2 | AA124: x | AB124: 1.2 | AC124: 2.67 | AD124: 0.04 | AE124: 0.15 | AF124: 2.86 | AG124: 2.3 | AH124: 0.92 | AI124: 0 | AJ124: 3.17 | AK124: 2.88 | AL124: 0 | AM124: 0 | AN124: 24.73 | AO124: 0 | AP124: J1->J2 | AQ124: 0 | AR124: 0.4 | AU124: 39.984181 | AV124: 1.4 | AW124: x | AX124: 1.4 | AY124: 38.584181 | AZ124: 0.1 | BB124: 1.08 | BC124: 7.8 | BD124: 0 | BF124: 88.09 | BG124: 6.98 | BH124: 2.35 | BI124: 0.56 | BJ124: 4.61 | BK124: 0.36 | BL124: 68.34 | BN124: J1->J2 | BO124: J1 | BP124: 0.4 | BQ124: PA-2 | BR124: 39.984181 | BS124: 2.67 | BT124: 0.845
A125: J2->J | D125: 0.4 | G125: PA-2 | H125: 7.9361945 | I125: 1 | J125: 7.9361945 | K125: 0.845 | L125: 0.845 | M125: 0.84 | N125: 0.04 | O125: 0.1 | P125: 0.98 | Q125: 1.08 | R125: 8.4 | S125: 0 | T125: 0 | U125: 0 | V125: 0 | W125: 0 | X125: 0 | Y125: J2 | Z125: 1.2 | AA125: x | AB125: 1.2 | AC125: 0.845 | AD125: 0.04 | AE125: 0.15 | AF125: 1.04 | AG125: 2.2 | AH125: 0.92 | AI125: 2.1 | AJ125: 0 | AK125: 0 | AL125: 0 | AM125: 0 | AN125: 0 | AO125: 0 | AP125: J2->J | AQ125: 0 | AR125: 0.4 | AU125: 7.9361945 | AV125: 1.4 | AW125: x | AX125: 1.4 | AY125: 6.5361945 | AZ125: 0.1 | BB125: 1.08 | BC125: 1.32 | BD125: 0 | BF125: 10.5 | BG125: 1.18 | BH125: 1.035 | BI125: 0 | BJ125: 2.03 | BK125: 0 | BL125: 5.97 | BN125: J2->J | BO125: J2 | BP125: 0.4 | BQ125: PA-2 | BR125: 7.9361945 | BS125: 0.845 | BT125: 0.845
A127: BACIA K | Y127: BACIA K | AP127: BACIA K
A129: K1->K2 | D129: 0.4 | G129: PA-1 | H129: 22 | I129: 1 | J129: 22 | K129: 1 | L129: 1 | M129: 1 | N129: 0.04 | O129: 0.1 | P129: 1.14 | Q129: 1.08 | R129: 27.09 | S129: 0 | T129: 0 | U129: 0 | V129: 0 | W129: 0 | X129: 0 | Y129: K1 | Z129: 1.2 | AA129: x | AB129: 1.2 | AC129: 1 | AD129: 0.04 | AE129: 0.15 | AF129: 1.19 | AG129: 2.2 | AH129: 0.92 | AI129: 2.41 | AJ129: 0 | AK129: 0 | AL129: 0 | AM129: 0 | AN129: 0 | AO129: 0 | AP129: K1->K2 | AQ129: 0 | AR129: 0.4 | AU129: 22 | AV129: 1.4 | AW129: x | AX129: 1.4 | AY129: 20.6 | AZ129: 0.1 | BB129: 1.08 | BC129: 4.17 | BD129: 0 | BF129: 29.5 | BG129: 3.73 | BH129: 1.19 | BI129: 0 | BJ129: 2.33 | BK129: 0 | BL129: 19.27 | BN129: K1->K2 | BO129: K1 | BP129: 0.4 | BQ129: PA-1 | BR129: 22 | BS129: 1 | BT129: 1
A130: K2->K3 | D130: 0.4 | G130: PA-1 | H130: 22 | I130: 1 | J130: 22 | K130: 1 | L130: 1 | M130: 1 | N130: 0.04 | O130: 0.1 | P130: 1.14 | Q130: 1.08 | R130: 27.09 | S130: 0 | T130: 0 | U130: 0 | V130: 0 | W130: 0 | X130: 0 | Y130: K2 | Z130: 1.2 | AA130: x | AB130: 1.2 | AC130: 1 | AD130: 0.04 | AE130: 0.15 | AF130: 1.19 | AG130: 2.2 | AH130: 0.92 | AI130: 2.41 | AJ130: 0 | AK130: 0 | AL130: 0 | AM130: 0 | AN130: 0 | AO130: 0 | AP130: K2->K3 | AQ130: 0 | AR130: 0.4 | AU130: 22 | AV130: 1.4 | AW130: x | AX130: 1.4 | AY130: 20.6 | AZ130: 0.1 | BB130: 1.08 | BC130: 4.17 | BD130: 0 | BF130: 29.5 | BG130: 3.73 | BH130: 1.19 | BI130: 0 | BJ130: 2.33 | BK130: 0 | BL130: 19.27 | BN130: K2->K3 | BO130: K2 | BP130: 0.4 | BQ130: PA-1 | BR130: 22 | BS130: 1 | BT130: 1
...

Sheet MEMORIA GOV RJ
A1: ANEXO VI
B2: Governo do Estado do Rio de Janeiro Secretaria de Estado das Cidades Subsecretaria de Infraestrutura
A3: Natureza: | B3: ='VII - Orçamento'!C4 -> SERVIÇO DE COMPLEMENTAÇÃO DA INFRAESTRUTURA INCLUINDO PAVIMENTAÇÃO E DRENAGEM EM DIVERSAS RUAS NOS BAIRROS PACHECO E SACRAMENTO NO MUNICÍPIO DE SÃO GONÇALO | I3: MÊS /ANO REF. : | K3: ='VII - Orçamento'!G3 -> EMOP - 12/2021
I4: VALOR DA OBRA | K4: ='VII - Orçamento'!G5 -> 47612747
A5: Localização: | I5: PRAZO DA OBRA: | K5: ='VII - Orçamento'!G7 -> 12 MESES
A7: ITEM | B7: COD | C7: DESCRIÇÃO | K7: UNID. | L7: QUANT.
A8: 1 | B8: SERVIÇOS DE ESCRITÓRIO LABORATÓRIO E CAMPO
A9: 1.1 | B9: 02.004.0004-A | C9: =VLOOKUP(B9,#REF!,2,1) -> #REF! | K9: ='III - Memória'!C15 -> M2 | L9: ='III - Memória'!B15 -> 96 | N9: =VLOOKUP(B9,#REF!,2,FALSE) -> #REF! | O9: =L9*N9 -> #REF!
C11: Comprimento | E11: Largura
C12: 16 | D12: X | E12: 6 | F12: = | G12: =E12*C12 -> 96
A14: 1.2 | B14: 01.016.0085-A | C14: =VLOOKUP(B14,#REF!,2,1) -> #REF! | K14: =K23 -> M2 | L14: =J23 -> #N/A | N14: =VLOOKUP(B14,#REF!,2,FALSE) -> #REF! | O14: =L14*N14 -> #N/A
E15: Comprimento | F15: x | G15: Largura
C16: Av. Presidente Roosevelt | E16: 260 | F16: x | G16: 14 | I16: = | J16: =E16*G16 -> 3640
C17: Estrada de Marambaia | E17: 300 | F17: x | G17: 14 | I17: = | J17: =#N/A -> #N/A
C18: Rua da Igualdade | E18: 560 | F18: x | G18: 14 | I18: = | J18: =#N/A -> #N/A
C19: Rua da Liberdade | E19: 560 | F19: x | G19: 14 | I19: = | J19: =#N/A -> #N/A
C20: Rua da Fraternidade | E20: 560 | F20: x | G20: 14 | I20: = | J20: =#N/A -> #N/A
C21: Rua Heloísa Torres | E21: 620 | F21: x | G21: 14 | I21: = | J21: =#N/A -> #N/A
C22: Rua E (Rua da Maçonaria) | E22: 340 | F22: x | G22: 14 | I22: = | J22: =#N/A -> #N/A
H23: TOTAL DOS SERVIÇOS | J23: =SUM(J16:J22) -> #N/A | K23: M2
A24: 1.3 | B24: 02.002.0011-A | C24: =VLOOKUP(B24,#REF!,2,1) -> #REF! | K24: =K28 -> M2 | L24: =J28 -> 220 | N24: =VLOOKUP(B24,#REF!,2,FALSE) -> #REF! | O24: =L24*N24 -> #REF!
C26: Comprimento | F26: Altura
A27: Perímetro do canteiro | C27: 100 | D27: X | F27: 2.2 | I27: = | J27: =C27*F27 -> 220
H28: TOTAL DOS SERVIÇOS | J28: =J27 -> 220 | K28: M2
A30: 1.4 | B30: 02.020.0001-A | C30: =VLOOKUP(B30,#REF!,2,1) -> #REF! | K30: =K34 -> M2 | L30: =J34 -> 12 | N30: =VLOOKUP(B30,#REF!,2,FALSE) -> #REF! | O30: =L30*N30 -> #REF!
C32: Altura | E32: Largura | G32: Quantidade
C33: 2 | D33: X | E33: 3 | F33: X | G33: 2 | I33: = | J33: =C33*E33*G33 -> 12
J34: =J33 -> 12 | K34: M2
A36: 1.5 | B36: COMPOSIÇÃO | C36: ADMINISTRAÇÃO LOCAL | K36: =K40 -> 0 | L36: =H39 -> 12565.344 | N36: =VLOOKUP(B36,#REF!,2,FALSE) -> #REF! | O36: =L36*N36 -> #REF!
C38: Mão de Obra | E38: QTD | H38: Unitário
C39: ='IV - Adm'!F21 -> 1256534.4 | D39: / | E39: 100 | F39: % | H39: =C39/E39 -> 12565.344 | K39: = | L39: ='VII - Orçamento'!G17/'VII - Orçamento'!G125 -> 0.029098566
A41: 1.6 | B41: 01.050.0093-A | C41: =VLOOKUP(B41,#REF!,2,1) -> #REF! | K41: =K45 -> M2 | L41: =J45 -> 38400 | N41: =VLOOKUP(B41,#REF!,2,FALSE) -> #REF! | O41: =L41*N41 -> #REF!
C43: Extensão | E43: Largura
C44: 3200 | D44: X | E44: 12 | I44: = | J44: =C44*E44 -> 38400
J45: =J44 -> 38400 | K45: M2
A47: 1.7 | B47: 01.050.0190-A | C47: =VLOOKUP(B47,#REF!,2,1) -> #REF! | K47: =K50 -> .HA | L47: =J50 -> 4.48 | N47: =VLOOKUP(B47,#REF!,2,FALSE) -> #REF! | O47: =L47*N47 -> #REF!
C49: Extensão (m) | E49: Larg. (m) | H49: Área (m²) | J49: Área (ha)
C50: 3200 | D50: X | E50: 14 | G50: X | H50: =C50*E50 -> 44800 | I50: = | J50: =TRUNC(H50/10000,2) -> 4.48 | K50: .HA
A52: 1.8 | B52: 02.006.0050-A | C52: =VLOOKUP(B52,#REF!,2,1) -> #REF! | K52: UNXMES | L52: =L56 -> 32 | N52: =VLOOKUP(B52,#REF!,2,FALSE) -> #REF! | O52: =L52*N52 -> #REF!
C55: Quantidade | E55: Frentes trabalho | H55: Tempo de Obra / Meses
C56: 1 | D56: X | E56: 4 | F56: X | H56: 8 | K56: = | L56: =H56*E56*C56 -> 32
A58: 1.9 | B58: 02.010.0001-A | C58: =VLOOKUP(B58,#REF!,2,1) -> #REF! | K58: M2 | L58: =G61 -> 48 | N58: =VLOOKUP(B58,#REF!,2,FALSE) -> #REF! | O58: =L58*N58 -> #REF!
C60: Extensão (m) | E60: Larg. (m) | G60: Área (m²)
C61: 8 | D61: X | E61: 6 | F61: = | G61: =E61*C61 -> 48
A63: 1.10 | B63: 02.006.0010-A | C63: =VLOOKUP(B63,#REF!,2,1) -> #REF! | K63: UNXMES | L63: =H66 -> 16 | N63: =VLOOKUP(B63,#REF!,2,FALSE) -> #REF! | O63: =L63*N63 -> #REF!
C65: Quantidade | E65: Tempo de Obra / Meses | H65: Qtde
C66: 2 | D66: X | E66: 8 | G66: = | H66: =E66*C66 -> 16
A68: 1.11 | B68: 01.001.0040-A | C68: =VLOOKUP(B68,#REF!,2,1) -> #REF! | K68: =K78 -> M | L68: =L78 -> #N/A | N68: =VLOOKUP(B68,#REF!,2,FALSE) -> #REF! | O68: =L68*N68 -> #N/A
E69: Total considerando 01 a cada 02 estacas
E70: Qtde furos | F70: x | G70: Profundidade
C71: Av. Presidente Roosevelt - Estaca 00 a 13 | E71: 7 | F71: x | G71: 1 | K71: = | L71: =#N/A -> #N/A
C72: Estrada de Marambaia - Estaca 00 a 15 | E72: 8 | F72: x | G72: 1 | K72: = | L72: =#N/A -> #N/A
C73: Rua da Igualdade - Estaca 00 a 28 | E73: 14 | F73: x | G73: 1 | K73: = | L73: =#N/A -> #N/A
C74: Rua da Liberdade - Estaca 00 a 28 | E74: 14 | F74: x | G74: 1 | K74: = | L74: =#N/A -> #N/A
C75: Rua da Fraternidade - Estaca 00 a 28 | E75: 14 | F75: x | G75: 1 | K75: = | L75: =#N/A -> #N/A
C76: Rua Heloísa Torres - Estaca 00 a 15 e 100 a 117 | E76: 14 | F76: x | G76: 1 | K76: = | L76: =#N/A -> #N/A
C77: Rua E (Rua da Maçonaria) - Estaca 00 a 17 | E77: 8 | F77: x | G77: 1 | K77: = | L77: =#N/A -> #N/A
J78: TOTAL DOS SERVIÇOS | K78: M | L78: =SUM(L71:L77) -> #N/A
A80: 1.12 | B80: 01.001.0014-A | C80: =VLOOKUP(B80,#REF!,2,1) -> #REF! | K80: uni. | L80: =C83 -> 79 | N80: =VLOOKUP(B80,#REF!,2,FALSE) -> #REF! | O80: =L80*N80 -> #REF!
C82: Qtde furos
C83: 79 | D83: 1 amostra para cada furo de sondagem
A85: 1.13 | B85: 01.001.0071-A | C85: =VLOOKUP(B85,#REF!,2,1) -> #REF! | K85: uni. | L85: =C88 -> 79 | N85: =VLOOKUP(B85,#REF!,2,FALSE) -> #REF! | O85: =L85*N85 -> #REF!
C87: Qtde furos
C88: 79 | D88: 1 amostra para cada furo de sondagem
A90: 1.14 | B90: 02.015.0001-A | C90: =VLOOKUP(B90,#REF!,2,1) -> #REF! | K90: uni. | L90: =C93 -> 1 | N90: =VLOOKUP(B90,#REF!,2,FALSE) -> #REF! | O90: =L90*N90 -> #REF!
C92: Quantidade
C93: 1
A95: 1.15 | B95: 02.016.0001-A | C95: =VLOOKUP(B95,#REF!,2,1) -> #REF! | K95: uni. | L95: =C98 -> 1 | N95: =VLOOKUP(B95,#REF!,2,FALSE) -> #REF! | O95: =L95*N95 -> #REF!
C97: Quantidade
C98: 1
A100: 1.16 | B100: 04.013.0015-A | C100: =VLOOKUP(B100,#REF!,2,1) -> #REF! | K100: uni. | L100: =C103 -> 4 | N100: =VLOOKUP(B100,#REF!,2,FALSE) -> #REF! | O100: =L100*N100 -> #REF!
C102: Quantidade
C103: 4
A105: 1.17 | B105: 04.005.0300-A | C105: =VLOOKUP(B105,#REF!,2,1) -> #REF! | K105: UNXKM | L105: =L108 -> 160 | N105: =VLOOKUP(B105,#REF!,2,FALSE) -> #REF! | O105: =L105*N105 -> #REF!
C107: Quantidade | E107: Distancia (km)
C108: 4 | D108: X | E108: 40 | J108: UNXKM | K108: = | L108: =E108*C108 -> 160
A110: 1.18 | B110: 01.001.0206-A | C110: =VLOOKUP(B110,#REF!,2,1) -> #REF! | K110: UNI. | L110: =L120 -> 161 | N110: =VLOOKUP(B110,#REF!,2,FALSE) -> #REF! | O110: =L110*N110 -> #REF!
E111: Total considerando 01 a cada estaca
C113: Av. Presidente Roosevelt - Estaca 00 a 13 | L113: 13
C114: Estrada de Marambaia - Estaca 00 a 15 | L114: 15
C115: Rua da Igualdade - Estaca 00 a 28 | L115: 28
C116: Rua da Liberdade - Estaca 00 a 28 | L116: 28
C117: Rua da Fraternidade - Estaca 00 a 28 | L117: 28
C118: Rua Heloísa Torres - Estaca 00 a 15 e 100 a 117 | L118: 32
C119: Rua E (Rua da Maçonaria) - Estaca 00 a 17 | L119: 17
J120: TOTAL DOS SERVIÇOS | K120: UNI. | L120: =SUM(L113:L119) -> 161
A122: 1.19 | B122: 01.001.0302-A | C122: =VLOOKUP(B122,#REF!,2,1) -> #REF! | K122: =K132 -> UNI. | L122: =L132 -> #N/A | N122: =VLOOKUP(B122,#REF!,2,FALSE) -> #REF! | O122: =L122*N122 -> #N/A
E123: Total considerando 01 a cada estaca
E124: Total | F124: x | G124: Total de determinação: 01 na base e 01 no CBUQ
C125: Av. Presidente Roosevelt - Estaca 00 a 13 | E125: 13 | F125: x | G125: 2 | K125: = | L125: =#N/A -> #N/A
C126: Estrada de Marambaia - Estaca 00 a 15 | E126: 15 | F126: x | G126: 2 | K126: = | L126: =#N/A -> #N/A
C127: Rua da Igualdade - Estaca 00 a 28 | E127: 28 | F127: x | G127: 2 | K127: = | L127: =#N/A -> #N/A
C128: Rua da Liberdade - Estaca 00 a 28 | E128: 28 | F128: x | G128: 2 | K128: = | L128: =#N/A -> #N/A
C129: Rua da Fraternidade - Estaca 00 a 28 | E129: 28 | F129: x | G129: 2 | K129: = | L129: =#N/A -> #N/A
C130: Rua Heloísa Torres - Estaca 00 a 15 e 100 a 117 | E130: 32 | F130: x | G130: 2 | K130: = | L130: =#N/A -> #N/A
C131: Rua E (Rua da Maçonaria) - Estaca 00 a 17 | E131: 17 | F131: x | G131: 2 | K131: = | L131: =#N/A -> #N/A
J132: TOTAL DOS SERVIÇOS | K132: UNI. | L132: =SUM(L125:L131) -> #N/A
A134: 2 | B134: DRENAGEM PLUVIAL
A135: 2.1 | B135: 02.020.0009-A | C135: =VLOOKUP(B135,#REF!,2,1) -> #REF! | K135: =K122 -> UNI. | L135: =L138 -> 504 | N135: =VLOOKUP(B135,#REF!,2,FALSE) -> #REF! | O135: =L135*N135 -> #REF!
C137: Ruas | E137: Und. / Rua | H137: Etapas
...

Sheet V - Físico-Financeiro
B2: ESTADO DO RIO DE JANEIRO
B3: PREFEITURA MUNICIPAL DE SÃO GONÇALO
B4: SECRETARIA MUNICIPAL DE DESENVOLVIMENTO URBANO
A5: ANEXO V - CRONOGRAMA FÍSICO-FINANCEIRO
A6: SERVIÇO DE COMPLEMENTAÇÃO DA INFRAESTRUTURA INCLUINDO PAVIMENTAÇÃO E DRENAGEM EM DIVERSAS RUAS NOS BAIRROS PACHECO E SACRAMENTO NO MUNICÍPIO DE SÃO GONÇALO
A9: METAS | C9: VALOR PREVISTO (R$) | D9: ETAPAS
D10: Etapa | E10: Etapa | F10: Etapa | G10: Etapa | H10: Etapa | I10: Etapa | J10: Etapa | K10: Etapa | L10: Etapa | M10: Etapa | N10: Etapa | O10: Etapa
A11: ITENS DE OBRAS / SERVIÇOS | D11: 1 | E11: 2 | F11: 3 | G11: 4 | H11: 5 | I11: 6 | J11: 7 | K11: 8 | L11: 9 | M11: 10 | N11: 11 | O11: 12
A13: 1 - SERVIÇOS DE ESCRITORIO LABORATORIO E CAMPO | B13: % | C13: 1 | D13: 0.1 | E13: 0.1 | F13: 0.1 | G13: 0.1 | H13: 0.1 | I13: 0.1 | J13: 0.1 | K13: 0.1 | L13: 0.05 | M13: 0.05 | N13: 0.05 | O13: 0.05
B14: valor R$ | C14: 3053849.6 | D14: 305384.96 | E14: 305384.96 | F14: 305384.96 | G14: 305384.96 | H14: 305384.96 | I14: 305384.96 | J14: 305384.96 | K14: 305384.96 | L14: 152692.48 | M14: 152692.48 | N14: 152692.49 | O14: 152692.48
A15: 2 - MESO E MICRO DRENAGEM PLUVIAL | B15: % | C15: 1 | D15: 0.1 | E15: 0.1 | F15: 0.1 | G15: 0.15 | H15: 0.15 | I15: 0.1 | J15: 0.1 | K15: 0.1 | L15: 0.05 | M15: 0.05
B16: valor R$ | C16: 11545205 | D16: 1154520.5 | E16: 1154520.5 | F16: 1154520.5 | G16: 1731780.7 | H16: 1731780.7 | I16: 1154520.5 | J16: 1154520.5 | K16: 1154520.5 | L16: 577260.25 | M16: 577260.25
A17: 3 - PAVIMENTAÇÃO | B17: % | C17: 1 | E17: 0.1 | F17: 0.1 | G17: 0.1 | H17: 0.1 | I17: 0.1 | J17: 0.1 | K17: 0.1 | L17: 0.1 | M17: 0.1 | N17: 0.1
B18: Valor R$ | C18: 20007592 | E18: 2000759.2 | F18: 2000759.2 | G18: 2000759.2 | H18: 2000759.2 | I18: 2000759.2 | J18: 2000759.2 | K18: 2000759.2 | L18: 2000759.2 | M18: 2000759.2 | N18: 2000759.2
A19: 4 -SINALIZAÇÃO | B19: % | C19: 1 | I19: 0.1 | J19: 0.2 | K19: 0.2 | L19: 0.2 | M19: 0.1 | N19: 0.1 | O19: 0.1
B20: Valor R$ | C20: 1169367.6 | I20: 116936.76 | J20: 233873.52 | K20: 233873.52 | L20: 233873.52 | M20: 116936.76 | N20: 116936.76 | O20: 116936.76
A21: 5 - ADMINISTRAÇÃO LOCAL | B21: % | C21: 1 | D21: 0.083333333 | E21: 0.083333333 | F21: 0.083333333 | G21: 0.083333333 | H21: 0.083333333 | I21: 0.083333333 | J21: 0.083333333 | K21: 0.083333333 | L21: 0.083333333 | M21: 0.083333333 | N21: 0.083333333 | O21: 0.083333333
B22: Valor R$ | C22: 1256534.4 | D22: 104711.2 | E22: 104711.2 | F22: 104711.2 | G22: 104711.2 | H22: 104711.2 | I22: 104711.2 | J22: 104711.2 | K22: 104711.2 | L22: 104711.2 | M22: 104711.2 | N22: 104711.2 | O22: 104711.2
A24: BDI | B24: % | C24: 1 | D24: 0.04224977 | E24: 0.096276816 | F24: 0.096276816 | G24: 0.11186473 | H24: 0.11186473 | I24: 0.099434491 | J24: 0.10259217 | K24: 0.10259217 | L24: 0.082881054 | M24: 0.079723378 | N24: 0.064135463 | O24: 0.010108417
B25: valor R$ | C25: 10580199 | D25: 447010.98 | E25: 1018627.9 | F25: 1018627.9 | G25: 1183551.1 | H25: 1183551.1 | I25: 1052036.7 | J25: 1085445.5 | K25: 1085445.5 | L25: 876898.05 | M25: 843489.21 | N25: 678565.96 | O25: 106949.06
B26: Valor R$ | C26: TOTAL MENSAL | D26: 2011627.6 | E26: 4584003.7 | F26: 4584003.7 | G26: 5326187.2 | H26: 5326187.2 | I26: 4734349.3 | J26: 4884694.9 | K26: 4884694.9 | L26: 3946194.7 | M26: 3795849.1 | N26: 3053665.6 | O26: 481289.51
A27: TOTAL ACUMULADO | B27: Valor R$ | C27: 47612747 | D27: 2011627.6 | E27: 6595631.3 | F27: 11179635 | G27: 16505822 | H27: 21832009 | I27: 26566359 | J27: 31451054 | K27: 36335749 | L27: 40281943 | M27: 44077792 | N27: 47131458 | O27: 47612747
A30: PERCENTUAL | D30: 0.04224977 | E30: 0.096276816 | F30: 0.096276816 | G30: 0.11186473 | H30: 0.11186473 | I30: 0.099434491 | J30: 0.10259217 | K30: 0.10259217 | L30: 0.082881054 | M30: 0.079723378 | N30: 0.064135463 | O30: 0.010108417
A31: PERCENTUAL ACUMULADO | D31: 0.04224977 | E31: 0.13852659 | F31: 0.2348034 | G31: 0.34666813 | H31: 0.45853286 | I31: 0.55796736 | J31: 0.66055952 | K31: 0.76315169 | L31: 0.84603274 | M31: 0.92575612 | N31: 0.98989158 | O31: 1

Sheet XIII - DEsembolso
C1: ESTADO DO RIO DE JANEIRO
C2: PREFEITURA MUNICIPAL DE SÃO GONÇALO
C3: SECRETARIA MUNICIPAL DE DESENVOLVIMENTO URBANO
C5: LICITAÇÃO NA MODALIDADE CONCORRÊNCIA PÚBLICA Nº 2022
B8: ANEXO XIII - CRONOGRAMA DE DESEMBOLSO MÁXIMO FINANCEIRO
A12: SERVIÇO DE COMPLEMENTAÇÃO DA INFRAESTRUTURA INCLUINDO PAVIMENTAÇÃO E DRENAGEM EM DIVERSAS RUAS NOS BAIRROS PACHECO E SACRAMENTO NO MUNICÍPIO DE SÃO GONÇALO
D15: PERCENTUAL | F15: VALOR CORRESPONDENTE
C16: ETAPAS | D16: ( % ) | F16: (R$)
D17: Parcial | E17: Acum. | F17: Parcial | G17: Acum.
C18: 1º | D18: 0.04224977 | E18: 0.04224977 | F18: 2011627.6 | G18: 2011627.6
C19: 2º | D19: 0.096276816 | E19: 0.13852659 | F19: 4584003.7 | G19: 6595631.3
C20: 3º | D20: 0.096276816 | E20: 0.2348034 | F20: 4584003.7 | G20: 11179635
C21: 4º | D21: 0.11186473 | E21: 0.34666813 | F21: 5326187.2 | G21: 16505822
C22: 5º | D22: 0.11186473 | E22: 0.45853286 | F22: 5326187.2 | G22: 21832009
C23: 6º | D23: 0.099434491 | E23: 0.55796736 | F23: 4734349.3 | G23: 26566359
C24: 7º | D24: 0.10259217 | E24: 0.66055952 | F24: 4884694.9 | G24: 31451054
C25: 8º | D25: 0.10259217 | E25: 0.76315169 | F25: 4884694.9 | G25: 36335749
C26: 9º | D26: 0.082881054 | E26: 0.84603274 | F26: 3946194.7 | G26: 40281943
C27: 10º | D27: 0.079723378 | E27: 0.92575612 | F27: 3795849.1 | G27: 44077792
C28: 11º | D28: 0.064135463 | E28: 0.98989158 | F28: 3053665.6 | G28: 47131458
C29: 12º | D29: 0.010108417 | E29: 1 | F29: 481289.51 | G29: 47612747

Sheet IV - Adm
A1: ORÇAMENTO: | B1: SERVIÇO DE COMPLEMENTAÇÃO DA INFRAESTRUTURA INCLUINDO PAVIMENTAÇÃO E DRENAGEM EM DIVERSAS RUAS NOS BAIRROS PACHECO E SACRAMENTO NO MUNICÍPIO DE SÃO GONÇALO
A2: MUNICÍPIO: | B2: SÃO GONÇALO
A3: LOCALIDADE: | B3: PACHECO E SACRAMENTO
A4: CÓDIGO
A5: ITEM: | E5: I0= 12/2021
E6: Unid: %
A7: ANEXO IV - ADMINISTRAÇÃO LOCAL DO CANTEIRO DE OBRAS: MÃO DE OBRA DA ADMINISTRAÇÃO LOCAL INCLUSIVE ACOMPANHAMENTO
A10: Elementos | B10: Código | C10: PreçoR$ | D10: Quant. | E10: Unidade | F10: Total
C11: Unitário
A12: Engenheiro ou arquiteto senior | B12: 05.105.0131-A | C12: 28636.96 | D12: 12 | E12: mês | F12: 343643.52
A13: Mestre de obras | B13: 05.105.0128-A | C13: 7972.8 | D13: 12 | E13: mês | F13: 95673.6
A14: Encarregado | B14: 05.105.0127-A | C14: 5804.48 | D14: 60 | E14: mês | F14: 348268.8
A15: Vigia | B15: 05.105.0100-A | C15: 2659.36 | D15: 24 | E15: mês | F15: 63824.64
A16: Almoxarife | B16: 05.105.0122-A | C16: 4127.2 | D16: 12 | E16: mês | F16: 49526.4
A17: Apontador | B17: 05.105.0121-A | C17: 4127.2 | D17: 60 | E17: mês | F17: 247632
A18: Tecnico de Edificações | B18: 05.105.0144-A | C18: 5804.48 | D18: 12 | E18: mês | F18: 69653.76
A19: Auxiliar de escritório | B19: 05.105.0139-A | C19: 3192.64 | D19: 12 | E19: mês | F19: 38311.68
F21: 1256534.4
A24: SOMATÓRIO DA MÃO DE OBRA | B24: = | C24: 1256534.4 | D24: / | E24: 100 | F24: = | G24: 12565.344

Sheet XIV - BDI
B1: OBRAS DE PAVIMENTAÇÃO E DRENAGEM
B4: ANEXO XIV - BDI (DESONERADO)
B6: ITEM | C6: DESCRIÇÃO | F6: % adotado
B7: 1. | C7: CUSTOS INDIRETOS | F7: 6.3
B8: 1.1 | C8: Admistração Central | E8: AC | F8: 4
B9: 1.2 | C9: Despesas Financeiras | E9: DF | F9: 0.8
B10: 1.3 | C10: Garantias e Seguros | E10: R | F10: 1
B11: 1.4 | C11: Riscos | E11: R | F11: 0.5
B12: 2. | C12: TRIBUTOS | E12: I | F12: 13.15
B13: 2.1 | C13: Cofins | E13: I | F13: 3
B14: 2.2 | C14: Pis/Pasep | E14: I | F14: 0.65
B15: 2.3 | C15: ISS | E15: I | F15: 5
B16: 2.4 | C16: INSS | E16: I | F16: 4.5
B17: 3. | C17: LUCRO | E17: L | F17: 5
B18: 3.1 | C18: Lucro Bruto | F18: 5
C20: BDI = [{ | D20: (1+(AC+R)/100) | E20: (1+DF/100) | F20: (1+L/100) | G20: } -1 x100
E21: [ 1- (I/100)]
C24: BDI ={ | D24: 1.055 | E24: 1.008 | F24: 1.05 | G24: } -1 x100
E25: 0.8685
C27: BDI ={ | D27: 1.1166 | E27: } - 1 x 100
D28: 0.8685
C30: BDI ={ | D30: 1.2856649 | E30: } - 1 x 100
C32: BDI ={ | D32: 0.28566494 | E32: } x 100
C34: BDI = | D34: 0.2857
